Workbook

Sheet PLAN SOSTENIMIENTO
B2: PLAN DE SOSTENIMIENTO INFRAESTRUCTURA ESNAVAL
B3: VALOR ANUAL EN UF.
B4: Valor UF 09-01-2026 | C4: 39762.52
B6: SECTOR | C6: TIPO DE TRABAJO | D6: TAREA | E6: AÑO 2026 | I6: AÑO 2027 | M6: AÑO 2028 | Q6: AÑO 2029 | R6: AÑO 2030 | S6: AÑO 2031 | T6: AÑO 2032 | U6: AÑO 2033 | V6: AÑO 2034 | W6: AÑO 2025 | X6: TOTAL EN 10 AÑOS | Y6: PERIOCIDAD AÑOS | Z6: PRIORIDAD EJECUCIÓN | AA6: OBSERVACIONES
B7: Edificio Habitabilidad Block 1 | C7: Mantención techumbre y azotea. | D7: Limpiar, revisar y cambiar sellos en cubirta de techo, canaletas y bajadas de aguas lluvias. | E7: 823 | F7: 800 | G7: =+F7*E7 -> 658400 | H7: =+G7/$C$4 -> 16.558307 | I7: =+E7 -> 823 | J7: =+F7 -> 800 | K7: =+G7 -> 658400 | L7: =+K7/$C$4 -> 16.558307 | M7: =+E7 -> 823 | N7: =+F7 -> 800 | O7: =+G7 -> 658400 | P7: =+O7/$C$4 -> 16.558307 | Q7: 16.665827 | R7: 16.665827 | S7: 16.665827 | T7: 16.665827 | U7: 16.665827 | V7: 16.665827 | W7: 16.665827 | X7: =+H7+L7+P7+Q7+R7+S7+T7+U7+V7+W7 -> 166.33571 | Y7: 1 | Z7: B | AA7: Se requere impermeabilizar azoteas sector cajas de escalas, trabajos considerados en proyectos de recuperación de la infraestructura.
C8: Pintado exterior del edificio. | D8: Reparar fisuras, preparación de superficies y aplicación de esquemas de pintura en muros y pilares metálicos. | E8: 1950 | F8: 29347.056 | G8: =F8*E8 -> 57226759 | H8: =+G8/$C$4 -> 1439.2136 | L8: =+K8/$C$4 -> 0 | P8: =+O8/$C$4 -> 0 | Q8: 1448.559 | R8: 0 | S8: 0 | T8: 1448.559 | U8: 0 | V8: 0 | W8: 1448.559 | X8: =+H8+L8+P8+Q8+R8+S8+T8+U8+V8+W8 -> 5784.8907 | Y8: 3 | Z8: A | AA8: La fachada norte del edifiico se pintó el año 2019 y la fachada sur el año 2013, condición que genera oxidación en las estructuras metálicas y muros permeables a las aguas lluvias.
C9: Montacargas. | D9: Incluye inspecciones, ajustes, lubricación, limpieza y reparaciones preventivas de componentes como cables, puertas y frenos. | E9: 12 | F9: 120000 | G9: =F9*E9 -> 1440000 | H9: =+G9/$C$4 -> 36.215009 | I9: =+E9 -> 12 | J9: =+F9 -> 120000 | K9: =+G9 -> 1440000 | L9: =+K9/$C$4 -> 36.215009 | M9: =+E9 -> 12 | N9: =+F9 -> 120000 | O9: =+G9 -> 1440000 | P9: =+O9/$C$4 -> 36.215009 | Q9: 36.450169 | R9: 36.450169 | S9: 36.450169 | T9: 36.450169 | U9: 36.450169 | V9: 36.450169 | W9: 36.450169 | X9: =+H9+L9+P9+Q9+R9+S9+T9+U9+V9+W9 -> 363.79621 | Y9: 1 | Z9: D
C10: Mantención y pintado de Cielo entrepuentes H-13, H-24, H-12 y H-23. | D10: Reparar fisuras, preparación de superficies y aplicación de esquemas de pintura. | E10: 1200 | F10: 4200 | G10: =+F10*E10 -> 5040000 | H10: =+G10/$C$4 -> 126.75253 | L10: =+K10/$C$4 -> 0 | M10: =+E10 -> 1200 | N10: =+F10 -> 4200 | O10: =+G10 -> 5040000 | P10: =+O10/$C$4 -> 126.75253 | Q10: 127.57559 | R10: 0 | S10: 127.57559 | T10: 127.57559 | U10: 0 | V10: 127.57559 | W10: 127.57559 | X10: =+H10+L10+P10+Q10+R10+S10+T10+U10+V10+W10 -> 891.38301 | Y10: 2 | Z10: D
C11: Pintado de muros, roperos, baños y duchas en entrepuentes H-13, H-24, H-12 y H-23. | D11: Reparar fisuras, preparación de superficies y aplicación de esquemas de pintura. | E11: 7000 | F11: 4200 | G11: =+F11*E11 -> 29400000 | H11: =+G11/$C$4 -> 739.38976 | I11: =+E11 -> 7000 | J11: =+F11 -> 4200 | K11: =+G11 -> 29400000 | L11: =+K11/$C$4 -> 739.38976 | M11: =+E11 -> 7000 | N11: =+F11 -> 4200 | O11: =+G11 -> 29400000 | P11: =+O11/$C$4 -> 739.38976 | Q11: 744.19094 | R11: 744.19094 | S11: 744.19094 | T11: 744.19094 | U11: 744.19094 | V11: 744.19094 | W11: 744.19094 | X11: =+H11+L11+P11+Q11+R11+S11+T11+U11+V11+W11 -> 7427.5059 | Y11: 1 | Z11: D
C12: Mantención roperos de entrepuentes H-13, H-24, H-12 y H-23. | D12: Reparación de puertas, cerraduras, cajones y rieles para garantizar el correcto funcionamiento. | E12: 1 | F12: 680000 | G12: =+F12*E12 -> 680000 | H12: =+G12/$C$4 -> 17.101532 | I12: =+E12 -> 1 | J12: =+F12 -> 680000 | K12: =+G12 -> 680000 | L12: =+K12/$C$4 -> 17.101532 | M12: =+E12 -> 1 | N12: =+F12 -> 680000 | O12: =+G12 -> 680000 | P12: =+O12/$C$4 -> 17.101532 | Q12: 17.21258 | R12: 17.21258 | S12: 17.21258 | T12: 17.21258 | U12: 17.21258 | V12: 17.21258 | W12: 17.21258 | X12: =+H12+L12+P12+Q12+R12+S12+T12+U12+V12+W12 -> 171.79265 | Y12: 1 | Z12: D
C13: Mantención de pisos en baños entrepuentes H-13, H-24, H-12 y H-23. | D13: Limpieza de frague e impermeabilizar canales de recolección aguas duchas. | E13: =188*4 -> 752 | F13: 500 | G13: =+F13*E13 -> 376000 | H13: =+G13/$C$4 -> 9.4561411 | I13: =+E13 -> 752 | J13: =+F13 -> 500 | K13: =+G13 -> 376000 | L13: =+K13/$C$4 -> 9.4561411 | M13: =+E13 -> 752 | N13: =+F13 -> 500 | O13: =+G13 -> 376000 | P13: =+O13/$C$4 -> 9.4561411 | Q13: 9.517544 | R13: 9.517544 | S13: 9.517544 | T13: 9.517544 | U13: 9.517544 | V13: 9.517544 | W13: 9.517544 | X13: =+H13+L13+P13+Q13+R13+S13+T13+U13+V13+W13 -> 94.991232 | Y13: 1 | Z13: D
C14: Mantención de pisos en entrepuentes H-13, H-24, H-12 y H-23. | D14: Reparar parquet dañado, pulido y vitrificado. | E14: =556*4 -> 2224 | F14: 10000 | G14: =+F14*E14 -> 22240000 | H14: =+G14/$C$4 -> 559.32069 | L14: =+K14/$C$4 -> 0 | M14: =+E14 -> 2224 | N14: =+F14 -> 10000 | O14: =+G14 -> 22240000 | P14: =+O14/$C$4 -> 559.32069 | Q14: 562.95261 | R14: 0 | S14: 562.95261 | T14: 562.95261 | U14: 0 | V14: 562.95261 | W14: 562.95261 | X14: =+H14+L14+P14+Q14+R14+S14+T14+U14+V14+W14 -> 3933.4044 | Y14: 2 | Z14: D
C15: Mantención y pintado guardia de cadetes y sala de visitas. | D15: Reparar fisuras, preparación de superficies y aplicación de esquemas de pintura en muros, cielo y pilares metálicos. Reparar parquet dañado en el piso, pulido y vitrificado. | E15: 480 | F15: 1100 | G15: =+F15*E15 -> 528000 | H15: =+G15/$C$4 -> 13.278836 | L15: =+K15/$C$4 -> 0 | M15: =+E15 -> 480 | N15: =+F15 -> 1100 | O15: =+G15 -> 528000 | P15: =+O15/$C$4 -> 13.278836 | Q15: 13.365062 | R15: 0 | S15: 13.365062 | T15: 13.365062 | U15: 0 | V15: 13.365062 | W15: 13.365062 | X15: =+H15+L15+P15+Q15+R15+S15+T15+U15+V15+W15 -> 93.382982 | Y15: 2 | Z15: D
C16: Mantención y pintado de sastrería y sala de planchado. | D16: Reparar fisuras, preparación de superficies y aplicación de esquemas de pintura. | E16: 410 | F16: 1100 | G16: =+F16*E16 -> 451000 | H16: =+G16/$C$4 -> 11.342339 | L16: =+K16/$C$4 -> 0 | M16: =+E16 -> 410 | N16: =+F16 -> 1100 | O16: =+G16 -> 451000 | P16: =+O16/$C$4 -> 11.342339 | Q16: 11.41599 | R16: 0 | S16: 11.41599 | T16: 11.41599 | U16: 0 | V16: 11.41599 | W16: 11.41599 | X16: =+H16+L16+P16+Q16+R16+S16+T16+U16+V16+W16 -> 79.764631 | Y16: 2 | Z16: D
C17: Mantención y pintado de lavandería. | D17: Reparar fisuras, preparación de superficies y aplicación de esquemas de pintura. | E17: 520 | F17: 1100 | G17: =+F17*E17 -> 572000 | H17: =+G17/$C$4 -> 14.385406 | L17: =+K17/$C$4 -> 0 | M17: =+E17 -> 520 | N17: =+F17 -> 1100 | O17: =+G17 -> 572000 | P17: =+O17/$C$4 -> 14.385406 | Q17: 14.478817 | R17: 0 | S17: 14.478817 | T17: 14.478817 | U17: 0 | V17: 14.478817 | W17: 14.478817 | X17: =+H17+L17+P17+Q17+R17+S17+T17+U17+V17+W17 -> 101.1649 | Y17: 2 | Z17: D
C18: Mantención instalaciones sanitarias. | D18: Limpieza de la red de alcantarillado, piletas y sifones, verificar el correcto funcionamiento de artefactos sanitarios y cambio de sellos, revision y reparación de llaves de paso y monomandos, revision y reparación de filtraciones en red de agua potable. | E18: 1 | F18: 8766000 | G18: =+F18*E18 -> 8766000 | H18: =+G18/$C$4 -> 220.45886 | I18: =+E18 -> 1 | J18: =+F18 -> 8766000 | K18: =+G18 -> 8766000 | L18: =+K18/$C$4 -> 220.45886 | M18: =+E18 -> 1 | N18: =+F18 -> 8766000 | O18: =+G18 -> 8766000 | P18: =+O18/$C$4 -> 220.45886 | Q18: 221.8904 | R18: 221.8904 | S18: 221.8904 | T18: 221.8904 | U18: 221.8904 | V18: 221.8904 | W18: 221.8904 | X18: =+H18+L18+P18+Q18+R18+S18+T18+U18+V18+W18 -> 2214.6094 | Y18: 1 | Z18: D
C19: Mantención a puertas y ventanas. | D19: Revisar y lubricar los mecanismos de funcionamiento, limpiar drenes, despiches y canales de ventanales. Revisar funcionamiento, apriete y lubricar quincalleria, bisagras y cerraduras. | E19: 1 | F19: 250000 | G19: =+F19*E19 -> 250000 | H19: =+G19/$C$4 -> 6.2873279 | I19: =+E19 -> 1 | J19: =+F19 -> 250000 | K19: =+G19 -> 250000 | L19: =+K19/$C$4 -> 6.2873279 | M19: =+E19 -> 1 | N19: =+F19 -> 250000 | O19: =+G19 -> 250000 | P19: =+O19/$C$4 -> 6.2873279 | Q19: 6.3281543 | R19: 6.3281543 | S19: 6.3281543 | T19: 6.3281543 | U19: 6.3281543 | V19: 6.3281543 | W19: 6.3281543 | X19: =+H19+L19+P19+Q19+R19+S19+T19+U19+V19+W19 -> 63.159064 | Y19: 1 | Z19: D
B20: Eddificio Habitabilidad Block 2 | C20: Mantención techumbre. | D20: Limpiar, revisar y cambiar sellos en cubirta de techo, canaletas y bajadas de aguas lluvias. | E20: 823 | F20: 800 | G20: =+F20*E20 -> 658400 | H20: =+G20/$C$4 -> 16.558307 | I20: =+E20 -> 823 | J20: =+F20 -> 800 | K20: =+G20 -> 658400 | L20: =+K20/$C$4 -> 16.558307 | M20: =+E20 -> 823 | N20: =+F20 -> 800 | O20: =+G20 -> 658400 | P20: =+O20/$C$4 -> 16.558307 | Q20: 16.665827 | R20: 16.665827 | S20: 16.665827 | T20: 16.665827 | U20: 16.665827 | V20: 16.665827 | W20: 16.665827 | X20: =+H20+L20+P20+Q20+R20+S20+T20+U20+V20+W20 -> 166.33571 | Y20: 1 | Z20: B | AA20: Se requere impermeabilizar azoteas sector cajas de escalas, trabajos considerados en proyectos de recuperación de la infraestructura.
C21: Pintado exterior del edificio. | D21: Reparar fisuras, preparación de superficies y aplicación de esquemas de pintura en muros y pilares metálicos | E21: 1950 | F21: 29347.056 | G21: =F21*E21 -> 57226759 | H21: =+G21/$C$4 -> 1439.2136 | L21: =+K21/$C$4 -> 0 | P21: =+O21/$C$4 -> 0 | Q21: 1448.559 | R21: 0 | S21: 0 | T21: 1448.559 | U21: 0 | V21: 0 | W21: 1448.559 | X21: =+H21+L21+P21+Q21+R21+S21+T21+U21+V21+W21 -> 5784.8907 | Y21: 3 | Z21: A | AA21: La fachada norte del edifiico se pintó el año 2019 y la fachada sur el año 2013, condición que genera oxidación en las estructuras metálicas y muros permeables a las aguas lluvias.
C22: Montacargas. | D22: Incluye inspecciones, ajustes, lubricación, limpieza y reparaciones preventivas de componentes como cables, puertas y frenos. | E22: 12 | F22: 120000 | G22: =F22*E22 -> 1440000 | H22: =+G22/$C$4 -> 36.215009 | I22: =+E22 -> 12 | J22: =+F22 -> 120000 | K22: =+G22 -> 1440000 | L22: =+K22/$C$4 -> 36.215009 | M22: =+E22 -> 12 | N22: =+F22 -> 120000 | O22: =+G22 -> 1440000 | P22: =+O22/$C$4 -> 36.215009 | Q22: 36.450169 | R22: 36.450169 | S22: 36.450169 | T22: 36.450169 | U22: 36.450169 | V22: 36.450169 | W22: 36.450169 | X22: =+H22+L22+P22+Q22+R22+S22+T22+U22+V22+W22 -> 363.79621 | Y22: 1 | Z22: D
C23: Cámaras frigoríficas. | D23: Limpiezas periódicas de paneles y suelos, revisiones de aislamiento, juntas y cierres, así como el control de los componentes del sistema de refrigeración como el evaporador, el condensador y las válvulas | E23: 1 | F23: 10247351 | G23: =F23*E23 -> 10247351 | H23: =+G23/$C$4 -> 257.71383 | I23: =+E23 -> 1 | J23: =+F23 -> 10247351 | K23: =+G23 -> 10247351 | L23: =+K23/$C$4 -> 257.71383 | M23: =+E23 -> 1 | N23: =+F23 -> 10247351 | O23: =+G23 -> 10247351 | P23: =+O23/$C$4 -> 257.71383 | Q23: 259.38728 | R23: 259.38728 | S23: 259.38728 | T23: 259.38728 | U23: 259.38728 | V23: 259.38728 | W23: 259.38728 | X23: =+H23+L23+P23+Q23+R23+S23+T23+U23+V23+W23 -> 2588.8524 | Y23: 1 | Z23: D
C24: Mantención y pintado Cielo entrepuentes H-34, H-43,H-33 y H-42. | D24: Reparar fisuras, preparación de superficies y aplicación de esquemas de pintura en muros y pilares metálicos | E24: 1200 | F24: 4200 | G24: =+F24*E24 -> 5040000 | H24: =+G24/$C$4 -> 126.75253 | L24: =+K24/$C$4 -> 0 | M24: =+E24 -> 1200 | N24: =+F24 -> 4200 | O24: =+G24 -> 5040000 | P24: =+O24/$C$4 -> 126.75253 | Q24: 127.57559 | R24: 0 | S24: 127.57559 | T24: 127.57559 | U24: 0 | V24: 127.57559 | W24: 127.57559 | X24: =+H24+L24+P24+Q24+R24+S24+T24+U24+V24+W24 -> 891.38301 | Y24: 2 | Z24: D
C25: Pintado entrepuente, roperos, baños y duchas H-34, H-43, H-33 y H-42. | D25: Reparar fisuras, preparación de superficies y aplicación de esquemas de pintura en muros y pilares metálicos | E25: 7000 | F25: 4200 | G25: =+F25*E25 -> 29400000 | H25: =+G25/$C$4 -> 739.38976 | I25: =+E25 -> 7000 | J25: =+F25 -> 4200 | K25: =+G25 -> 29400000 | L25: =+K25/$C$4 -> 739.38976 | M25: =+E25 -> 7000 | N25: =+F25 -> 4200 | O25: =+G25 -> 29400000 | P25: =+O25/$C$4 -> 739.38976 | Q25: 744.19094 | R25: 744.19094 | S25: 744.19094 | T25: 744.19094 | U25: 744.19094 | V25: 744.19094 | W25: 744.19094 | X25: =+H25+L25+P25+Q25+R25+S25+T25+U25+V25+W25 -> 7427.5059 | Y25: 1 | Z25: D
C26: Mantención roperos de entrepuentes H-34, H-43, H-33 y H-42. | D26: Reparación de puertas, cerraduras, cajones y rieles para garantizar el correcto funcionamiento. | E26: 1 | F26: 680000 | G26: =+F26*E26 -> 680000 | H26: =+G26/$C$4 -> 17.101532 | I26: =+E26 -> 1 | J26: =+F26 -> 680000 | K26: =+G26 -> 680000 | L26: =+K26/$C$4 -> 17.101532 | M26: =+E26 -> 1 | N26: =+F26 -> 680000 | O26: =+G26 -> 680000 | P26: =+O26/$C$4 -> 17.101532 | Q26: 17.21258 | R26: 17.21258 | S26: 17.21258 | T26: 17.21258 | U26: 17.21258 | V26: 17.21258 | W26: 17.21258 | X26: =+H26+L26+P26+Q26+R26+S26+T26+U26+V26+W26 -> 171.79265 | Y26: 1 | Z26: D
C27: Mantención pisos de baños H-34, H-43, H-33 y H-42. | D27: Limpieza de frague e impermeabilizar canales de recolección aguas duchas. | E27: =188*4 -> 752 | F27: 500 | G27: =+F27*E27 -> 376000 | H27: =+G27/$C$4 -> 9.4561411 | I27: =+E27 -> 752 | J27: =+F27 -> 500 | K27: =+G27 -> 376000 | L27: =+K27/$C$4 -> 9.4561411 | M27: =+E27 -> 752 | N27: =+F27 -> 500 | O27: =+G27 -> 376000 | P27: =+O27/$C$4 -> 9.4561411 | Q27: 9.517544 | R27: 9.517544 | S27: 9.517544 | T27: 9.517544 | U27: 9.517544 | V27: 9.517544 | W27: 9.517544 | X27: =+H27+L27+P27+Q27+R27+S27+T27+U27+V27+W27 -> 94.991232 | Y27: 1 | Z27: D
C28: Mantención pisos de entrepuentes H-34, H-43, H-33 y H-42. | D28: Reparar parquet dañado, pulido y vitrificado. | E28: =556*4 -> 2224 | F28: 10000 | G28: =+F28*E28 -> 22240000 | H28: =+G28/$C$4 -> 559.32069 | L28: =+K28/$C$4 -> 0 | M28: =+E28 -> 2224 | N28: =+F28 -> 10000 | O28: =+G28 -> 22240000 | P28: =+O28/$C$4 -> 559.32069 | Q28: 562.95261 | R28: 0 | S28: 562.95261 | T28: 562.95261 | U28: 0 | V28: 562.95261 | W28: 562.95261 | X28: =+H28+L28+P28+Q28+R28+S28+T28+U28+V28+W28 -> 3933.4044 | Y28: 2 | Z28: D
C29: Mantención y pintado entrepiso y peluquerías. | D29: Preparación de superficie y aplicación de esquemas de pintura a pilares y marcos de ventanales fabricados en estructura metálica. | E29: 1750 | F29: 1100 | G29: =+F29*E29 -> 1925000 | H29: =+G29/$C$4 -> 48.412425 | L29: =+K29/$C$4 -> 0 | M29: =+E29 -> 1750 | N29: =+F29 -> 1100 | O29: =+G29 -> 1925000 | P29: =+O29/$C$4 -> 48.412425 | Q29: 48.726788 | R29: 0 | S29: 48.726788 | T29: 48.726788 | U29: 0 | V29: 48.726788 | W29: 48.726788 | X29: =+H29+L29+P29+Q29+R29+S29+T29+U29+V29+W29 -> 340.45879 | Y29: 2 | Z29: D
C30: Mantención y pintado de casino y baños de Cadetes. | D30: Preparación de superficie y aplicación de esquemas de pintura a pilares y marcos de ventanales fabricados en estructura metálica. | E30: 3500 | F30: 1100 | G30: =+F30*E30 -> 3850000 | H30: =+G30/$C$4 -> 96.824849 | I30: =+E30 -> 3500 | J30: =+F30 -> 1100 | K30: =+G30 -> 3850000 | L30: =+K30/$C$4 -> 96.824849 | M30: =+E30 -> 3500 | N30: =+F30 -> 1100 | O30: =+G30 -> 3850000 | P30: =+O30/$C$4 -> 96.824849 | Q30: 97.453576 | R30: 97.453576 | S30: 97.453576 | T30: 97.453576 | U30: 97.453576 | V30: 97.453576 | W30: 97.453576 | X30: =+H30+L30+P30+Q30+R30+S30+T30+U30+V30+W30 -> 972.64958 | Y30: 1 | Z30: D
C31: Mantención a puertas y ventanas. | D31: Revisar y lubricar los mecanismos de funcionamiento, limpiar drenes, despiches y canales de ventanales. Revisar funcionamiento, apriete y lubricar quincalleria, bisagras y cerraduras. | E31: 1 | F31: 850000 | G31: =+F31*E31 -> 850000 | H31: =+G31/$C$4 -> 21.376915 | I31: =+E31 -> 1 | J31: =+F31 -> 850000 | K31: =+G31 -> 850000 | L31: =+K31/$C$4 -> 21.376915 | M31: =+E31 -> 1 | N31: =+F31 -> 850000 | O31: =+G31 -> 850000 | P31: =+O31/$C$4 -> 21.376915 | Q31: 21.515725 | R31: 21.515725 | S31: 21.515725 | T31: 21.515725 | U31: 21.515725 | V31: 21.515725 | W31: 21.515725 | X31: =+H31+L31+P31+Q31+R31+S31+T31+U31+V31+W31 -> 214.74082 | Y31: 1 | Z31: D
C32: Mantención y pintado pasillo de los Servicios Alimentación. | D32: Preparación de superficie y aplicación de esquemas de pintura a pilares y marcos de ventanales fabricados en estructura metálica. | E32: 4200 | F32: 1100 | G32: =+F32*E32 -> 4620000 | H32: =+G32/$C$4 -> 116.18982 | I32: =+E32 -> 4200 | J32: =+F32 -> 1100 | K32: =+G32 -> 4620000 | L32: =+K32/$C$4 -> 116.18982 | M32: =+E32 -> 4200 | N32: =+F32 -> 1100 | O32: =+G32 -> 4620000 | P32: =+O32/$C$4 -> 116.18982 | Q32: 116.94429 | R32: 116.94429 | S32: 116.94429 | T32: 116.94429 | U32: 116.94429 | V32: 116.94429 | W32: 116.94429 | X32: =+H32+L32+P32+Q32+R32+S32+T32+U32+V32+W32 -> 1167.1795 | Y32: 1 | Z32: D
C33: Mantención y pintado interior enfermería de Cadetes femeninos. | D33: Preparación de superficie y aplicación de esquemas de pintura a pilares y marcos de ventanales fabricados en estructura metálica. | E33: 3500 | F33: 1100 | G33: =+F33*E33 -> 3850000 | H33: =+G33/$C$4 -> 96.824849 | L33: =+K33/$C$4 -> 0 | M33: =+E33 -> 3500 | N33: =+F33 -> 1100 | O33: =+G33 -> 3850000 | P33: =+O33/$C$4 -> 96.824849 | Q33: 97.453576 | R33: 0 | S33: 97.453576 | T33: 97.453576 | U33: 0 | V33: 97.453576 | W33: 97.453576 | X33: =+H33+L33+P33+Q33+R33+S33+T33+U33+V33+W33 -> 680.91758 | Y33: 2 | Z33: D
C34: Mantención instalaciones sanitarias. | D34: Limpieza de la red de alcantarillado, piletas y sifones, verificar el correcto funcionamiento de artefactos sanitarios y cambio de sellos, revision y reparación de llaves de paso y monomandos, revision y reparación de filtraciones en red de agua potable. | E34: 1 | F34: 8766000 | G34: =+F34*E34 -> 8766000 | H34: =+G34/$C$4 -> 220.45886 | I34: =+E34 -> 1 | J34: =+F34 -> 8766000 | K34: =+G34 -> 8766000 | L34: =+K34/$C$4 -> 220.45886 | M34: =+E34 -> 1 | N34: =+F34 -> 8766000 | O34: =+G34 -> 8766000 | P34: =+O34/$C$4 -> 220.45886 | Q34: 221.8904 | R34: 221.8904 | S34: 221.8904 | T34: 221.8904 | U34: 221.8904 | V34: 221.8904 | W34: 221.8904 | X34: =+H34+L34+P34+Q34+R34+S34+T34+U34+V34+W34 -> 2214.6094 | Y34: 1 | Z34: D
C35: Mantención y pintado de baños enfermería de Cadetes femeninos. | D35: Preparación de superficie y aplicación de esquemas de pintura en muros, cielo, marcos de puertas y puertas. | E35: 60 | F35: 1100 | G35: =+F35*E35 -> 66000 | H35: =+G35/$C$4 -> 1.6598546 | I35: =+E35 -> 60 | J35: =+F35 -> 1100 | K35: =+G35 -> 66000 | L35: =+K35/$C$4 -> 1.6598546 | M35: =+E35 -> 60 | N35: =+F35 -> 1100 | O35: =+G35 -> 66000 | P35: =+O35/$C$4 -> 1.6598546 | Q35: 1.6706327 | R35: 1.6706327 | S35: 1.6706327 | T35: 1.6706327 | U35: 1.6706327 | V35: 1.6706327 | W35: 1.6706327 | X35: =+H35+L35+P35+Q35+R35+S35+T35+U35+V35+W35 -> 16.673993 | Y35: 1 | Z35: D
C36: Pintado de entrepuente y baño de visitas. | D36: Preparación de superficie y aplicación de esquemas de pintura a pilares y marcos de ventanales fabricados en estructura metálica. | E36: 880 | F36: 1100 | G36: =+F36*E36 -> 968000 | H36: =+G36/$C$4 -> 24.344533 | I36: =+E36 -> 880 | J36: =+F36 -> 1100 | K36: =+G36 -> 968000 | L36: =+K36/$C$4 -> 24.344533 | M36: =+E36 -> 880 | N36: =+F36 -> 1100 | O36: =+G36 -> 968000 | P36: =+O36/$C$4 -> 24.344533 | Q36: 24.502613 | R36: 24.502613 | S36: 24.502613 | T36: 24.502613 | U36: 24.502613 | V36: 24.502613 | W36: 24.502613 | X36: =+H36+L36+P36+Q36+R36+S36+T36+U36+V36+W36 -> 244.55189 | Y36: 1 | Z36: D
C37: Mantención, pintado oficinas y pasillos de Mantención y Servicios. | D37: Preparación de superficie y aplicación de esquemas de pintura a pilares y marcos de ventanales fabricados en estructura metálica. | E37: 3200 | F37: 1100 | G37: =+F37*E37 -> 3520000 | H37: =+G37/$C$4 -> 88.525576 | L37: =+K37/$C$4 -> 0 | M37: =+E37 -> 3200 | N37: =+F37 -> 1100 | O37: =+G37 -> 3520000 | P37: =+O37/$C$4 -> 88.525576 | Q37: 89.100412 | R37: 0 | S37: 89.100412 | T37: 89.100412 | U37: 0 | V37: 89.100412 | W37: 89.100412 | X37: =+H37+L37+P37+Q37+R37+S37+T37+U37+V37+W37 -> 622.55321 | Y37: 2 | Z37: D
B38: Edificio Habitabilidad Block 3 | C38: Mantención techumbre. | D38: Limpiar, revisar y cambiar sellos en cubirta de techo, canaletas y bajadas de aguas lluvias. | E38: 823 | F38: 800 | G38: =+F38*E38 -> 658400 | H38: =+G38/$C$4 -> 16.558307 | I38: =+E38 -> 823 | J38: =+F38 -> 800 | K38: =+G38 -> 658400 | L38: =+K38/$C$4 -> 16.558307 | M38: =+E38 -> 823 | N38: =+F38 -> 800 | O38: =+G38 -> 658400 | P38: =+O38/$C$4 -> 16.558307 | Q38: 16.665827 | R38: 16.665827 | S38: 16.665827 | T38: 16.665827 | U38: 16.665827 | V38: 16.665827 | W38: 16.665827 | X38: =+H38+L38+P38+Q38+R38+S38+T38+U38+V38+W38 -> 166.33571 | Y38: 1 | Z38: B | AA38: Se requere impermeabilizar azoteas sector cajas de escalas, trabajos considerados en proyectos de recuperación de la infraestructura.
C39: Pintado exterior del edificio. | D39: Reparar fisuras, preparación de superficies y aplicación de esquemas de pintura en muros y pilares metálicos. | E39: 1950 | F39: 29347.056 | G39: =F39*E39 -> 57226759 | H39: =+G39/$C$4 -> 1439.2136 | L39: =+K39/$C$4 -> 0 | P39: =+O39/$C$4 -> 0 | Q39: 1448.559 | R39: 0 | S39: 0 | T39: 1448.559 | U39: 0 | V39: 0 | W39: 1448.559 | X39: =+H39+L39+P39+Q39+R39+S39+T39+U39+V39+W39 -> 5784.8907 | Y39: 3 | Z39: A | AA39: La fachada norte del edifiico se pintó el año 2019 y la fachada sur el año 2013, condición que genera oxidación en las estructuras metálicas y muros permeables a las aguas lluvias.
C40: Montacargas. | D40: Incluye inspecciones, ajustes, lubricación, limpieza y reparaciones preventivas de componentes como cables, puertas y frenos. | E40: 12 | F40: 120000 | G40: =F40*E40 -> 1440000 | H40: =+G40/$C$4 -> 36.215009 | I40: =+E40 -> 12 | J40: =+F40 -> 120000 | K40: =+G40 -> 1440000 | L40: =+K40/$C$4 -> 36.215009 | M40: =+E40 -> 12 | N40: =+F40 -> 120000 | O40: =+G40 -> 1440000 | P40: =+O40/$C$4 -> 36.215009 | Q40: 36.450169 | R40: 36.450169 | S40: 36.450169 | T40: 36.450169 | U40: 36.450169 | V40: 36.450169 | W40: 36.450169 | X40: =+H40+L40+P40+Q40+R40+S40+T40+U40+V40+W40 -> 363.79621 | Y40: 1 | Z40: D
C41: Mantención instalaciones sanitarias. | D41: Limpieza de la red de alcantarillado, piletas y sifones, verificar el correcto funcionamiento de artefactos sanitarios, cambio de sellos, revision y reparación de llaves de paso y monomandos, revision y reparación de filtraciones en red de agua potable. | E41: 1 | F41: 10200000 | G41: =+F41*E41 -> 10200000 | H41: =+G41/$C$4 -> 256.52298 | I41: =+E41 -> 1 | J41: =+F41 -> 10200000 | K41: =+G41 -> 10200000 | L41: =+K41/$C$4 -> 256.52298 | M41: =+E41 -> 1 | N41: =+F41 -> 10200000 | O41: =+G41 -> 10200000 | P41: =+O41/$C$4 -> 256.52298 | Q41: 258.18869 | R41: 258.18869 | S41: 258.18869 | T41: 258.18869 | U41: 258.18869 | V41: 258.18869 | W41: 258.18869 | X41: =+H41+L41+P41+Q41+R41+S41+T41+U41+V41+W41 -> 2576.8898 | Y41: 1 | Z41: D
C42: Mantención roperos entrepuentes de Suboficiales, Sargentos, Femenino, Cabos y Marineros. | D42: Reparación de puertas, cerraduras, cajones y rieles para garantizar el correcto funcionamiento. | E42: 1 | F42: 680000 | G42: =+F42*E42 -> 680000 | H42: =+G42/$C$4 -> 17.101532 | I42: =+E42 -> 1 | J42: =+F42 -> 680000 | K42: =+G42 -> 680000 | L42: =+K42/$C$4 -> 17.101532 | M42: =+E42 -> 1 | N42: =+F42 -> 680000 | O42: =+G42 -> 680000 | P42: =+O42/$C$4 -> 17.101532 | Q42: 17.21258 | R42: 17.21258 | S42: 17.21258 | T42: 17.21258 | U42: 17.21258 | V42: 17.21258 | W42: 17.21258 | X42: =+H42+L42+P42+Q42+R42+S42+T42+U42+V42+W42 -> 171.79265 | Y42: 1 | Z42: D
C43: Mantención a puertas y ventanas. | D43: Revisar y lubricar los mecanismos de funcionamiento, limpiar drenes, despiches y canales de ventanales. Revisar funcionamiento y apriete, lubricar quincallería, bisagras y cerraduras. | E43: 1 | F43: 850000 | G43: =+F43*E43 -> 850000 | H43: =+G43/$C$4 -> 21.376915 | I43: =+E43 -> 1 | J43: =+F43 -> 850000 | K43: =+G43 -> 850000 | L43: =+K43/$C$4 -> 21.376915 | M43: =+E43 -> 1 | N43: =+F43 -> 850000 | O43: =+G43 -> 850000 | P43: =+O43/$C$4 -> 21.376915 | Q43: 21.515725 | R43: 21.515725 | S43: 21.515725 | T43: 21.515725 | U43: 21.515725 | V43: 21.515725 | W43: 21.515725 | X43: =+H43+L43+P43+Q43+R43+S43+T43+U43+V43+W43 -> 214.74082 | Y43: 1 | Z43: D
C44: Mantención y pintado entrepuentes SO y Sgtos. Masculinos y Femeninos. | D44: Preparación de superficie y aplicación de esquemas de pintura a muros, cielo, pilares, marcos de puertas y puertas. | E44: 2200 | F44: 1100 | G44: =+F44*E44 -> 2420000 | H44: =+G44/$C$4 -> 60.861334 | L44: =+K44/$C$4 -> 0 | M44: =+E44 -> 2200 | N44: =+F44 -> 1100 | O44: =+G44 -> 2420000 | P44: =+O44/$C$4 -> 60.861334 | Q44: 61.256534 | R44: 0 | S44: 61.256534 | T44: 61.256534 | U44: 0 | V44: 61.256534 | W44: 61.256534 | X44: =+H44+L44+P44+Q44+R44+S44+T44+U44+V44+W44 -> 428.00533 | Y44: 2 | Z44: D
C45: Mantención y pintado de baños y duchas entrepuentes SO y Sgtos. Masculinos y Femeninos. | D45: Preparación de superficie y aplicación de esquemas de pintura a cielo. | E45: 300 | F45: 1100 | G45: =+F45*E45 -> 330000 | H45: =+G45/$C$4 -> 8.2992728 | I45: =+E45 -> 300 | J45: =+F45 -> 1100 | K45: =+G45 -> 330000 | L45: =+K45/$C$4 -> 8.2992728 | M45: =+E45 -> 300 | N45: =+F45 -> 1100 | O45: =+G45 -> 330000 | P45: =+O45/$C$4 -> 8.2992728 | Q45: 8.3531637 | R45: 8.3531637 | S45: 8.3531637 | T45: 8.3531637 | U45: 8.3531637 | V45: 8.3531637 | W45: 8.3531637 | X45: =+H45+L45+P45+Q45+R45+S45+T45+U45+V45+W45 -> 83.369964 | Y45: 1 | Z45: D
C46: Mantención y pintado interior de entrepuentes de Cabos y Marineros. | D46: Preparación de superficie y aplicación de esquemas de pintura a muros, cielo, pilares, marcos de puertas y puertas. | E46: 1700 | F46: 1100 | G46: =+F46*E46 -> 1870000 | H46: =+G46/$C$4 -> 47.029212 | L46: =+K46/$C$4 -> 0 | M46: =+E46 -> 1700 | N46: =+F46 -> 1100 | O46: =+G46 -> 1870000 | P46: =+O46/$C$4 -> 47.029212 | Q46: 47.334594 | R46: 0 | S46: 47.334594 | T46: 47.334594 | U46: 0 | V46: 47.334594 | W46: 47.334594 | X46: =+H46+L46+P46+Q46+R46+S46+T46+U46+V46+W46 -> 330.7314 | Y46: 2 | Z46: D
C47: Mantención y pintado baños y duchas entrepuentes de Cabos y Marineros (Nº1). | D47: Preparación de superficie y aplicación de esquemas de pintura a cielo. | E47: 180 | F47: 1100 | G47: =+F47*E47 -> 198000 | H47: =+G47/$C$4 -> 4.9795637 | I47: =+E47 -> 180 | J47: =+F47 -> 1100 | K47: =+G47 -> 198000 | L47: =+K47/$C$4 -> 4.9795637 | M47: =+E47 -> 180 | N47: =+F47 -> 1100 | O47: =+G47 -> 198000 | P47: =+O47/$C$4 -> 4.9795637 | Q47: 5.0118982 | R47: 5.0118982 | S47: 5.0118982 | T47: 5.0118982 | U47: 5.0118982 | V47: 5.0118982 | W47: 5.0118982 | X47: =+H47+L47+P47+Q47+R47+S47+T47+U47+V47+W47 -> 50.021978 | Y47: 1 | Z47: D
C48: Mantención y pintado de baños y duchas entrepuentes de Cabos y Marineros (Nº2). | D48: Preparación de superficie y aplicación de esquemas de pintura a cielo. | E48: 180 | F48: 1100 | G48: =+F48*E48 -> 198000 | H48: =+G48/$C$4 -> 4.9795637 | I48: =+E48 -> 180 | J48: =+F48 -> 1100 | K48: =+G48 -> 198000 | L48: =+K48/$C$4 -> 4.9795637 | M48: =+E48 -> 180 | N48: =+F48 -> 1100 | O48: =+G48 -> 198000 | P48: =+O48/$C$4 -> 4.9795637 | Q48: 5.0118982 | R48: 5.0118982 | S48: 5.0118982 | T48: 5.0118982 | U48: 5.0118982 | V48: 5.0118982 | W48: 5.0118982 | X48: =+H48+L48+P48+Q48+R48+S48+T48+U48+V48+W48 -> 50.021978 | Y48: 1 | Z48: D
C49: Mantención y pintado interior de Cámara y comedores de Cabos y Marineros. | D49: Preparación de superficie y aplicación de esquemas de pintura a muros, pilares y revestimiento de madera. | E49: 900 | F49: 1100 | G49: =+F49*E49 -> 990000 | H49: =+G49/$C$4 -> 24.897818 | L49: =+K49/$C$4 -> 0 | M49: =+E49 -> 900 | N49: =+F49 -> 1100 | O49: =+G49 -> 990000 | P49: =+O49/$C$4 -> 24.897818 | Q49: 25.059491 | R49: 0 | S49: 25.059491 | T49: 25.059491 | U49: 0 | V49: 25.059491 | W49: 25.059491 | X49: =+H49+L49+P49+Q49+R49+S49+T49+U49+V49+W49 -> 175.09309 | Y49: 2 | Z49: D
C50: Mantención y pintado Cámara de SO, repostero y Cámara de Sargentos. | D50: Preparación de superficie y aplicación de esquemas de pintura a muros, pilares y revestimiento de madera. | E50: 800 | F50: 1100 | G50: =+F50*E50 -> 880000 | H50: =+G50/$C$4 -> 22.131394 | L50: =+K50/$C$4 -> 0 | M50: =+E50 -> 800 | N50: =+F50 -> 1100 | O50: =+G50 -> 880000 | P50: =+O50/$C$4 -> 22.131394 | Q50: 22.275103 | R50: 0 | S50: 22.275103 | T50: 22.275103 | U50: 0 | V50: 22.275103 | W50: 22.275103 | X50: =+H50+L50+P50+Q50+R50+S50+T50+U50+V50+W50 -> 155.6383 | Y50: 2 | Z50: D
C51: Mantención y pintado baños Cámaras de SO y Sargentos. | D51: Preparación de superficie y aplicación de esquemas de pintura a cielo. | E51: 800 | F51: 1100 | G51: =+F51*E51 -> 880000 | H51: =+G51/$C$4 -> 22.131394 | I51: =+E51 -> 800 | J51: =+F51 -> 1100 | K51: =+G51 -> 880000 | L51: =+K51/$C$4 -> 22.131394 | M51: =+E51 -> 800 | N51: =+F51 -> 1100 | O51: =+G51 -> 880000 | P51: =+O51/$C$4 -> 22.131394 | Q51: 22.275103 | R51: 22.275103 | S51: 22.275103 | T51: 22.275103 | U51: 22.275103 | V51: 22.275103 | W51: 22.275103 | X51: =+H51+L51+P51+Q51+R51+S51+T51+U51+V51+W51 -> 222.3199 | Y51: 1 | Z51: D
C52: Mantención y pintado interior enfermería de Cadetes Masculinos. | D52: Preparación de superficie y aplicación de esquemas de pintura a muros, pilares y revestimiento de madera. | E52: 1700 | F52: 1100 | G52: =+F52*E52 -> 1870000 | H52: =+G52/$C$4 -> 47.029212 | L52: =+K52/$C$4 -> 0 | M52: =+E52 -> 1700 | N52: =+F52 -> 1100 | O52: =+G52 -> 1870000 | P52: =+O52/$C$4 -> 47.029212 | Q52: 47.334594 | R52: 0 | S52: 47.334594 | T52: 47.334594 | U52: 0 | V52: 47.334594 | W52: 47.334594 | X52: =+H52+L52+P52+Q52+R52+S52+T52+U52+V52+W52 -> 330.7314 | Y52: 2 | Z52: D
C53: Mantención y pintado baños enfermería de Cadetes Masculinos. | D53: Preparación de superficie y aplicación de esquemas de pintura a cielo. | E53: 1700 | F53: 1100 | G53: =+F53*E53 -> 1870000 | H53: =+G53/$C$4 -> 47.029212 | I53: =+E53 -> 1700 | J53: =+F53 -> 1100 | K53: =+G53 -> 1870000 | L53: =+K53/$C$4 -> 47.029212 | M53: =+E53 -> 1700 | N53: =+F53 -> 1100 | O53: =+G53 -> 1870000 | P53: =+O53/$C$4 -> 47.029212 | Q53: 47.334594 | R53: 47.334594 | S53: 47.334594 | T53: 47.334594 | U53: 47.334594 | V53: 47.334594 | W53: 47.334594 | X53: =+H53+L53+P53+Q53+R53+S53+T53+U53+V53+W53 -> 472.4298 | Y53: 1 | Z53: D
C54: Mantención y pintado interior cocina de tripulaciòn y repostero. | D54: Preparación de superficie y aplicación de esquemas de pintura a cielo. | E54: 720 | F54: 1100 | G54: =+F54*E54 -> 792000 | H54: =+G54/$C$4 -> 19.918255 | L54: =+K54/$C$4 -> 0 | M54: =+E54 -> 720 | N54: =+F54 -> 1100 | O54: =+G54 -> 792000 | P54: =+O54/$C$4 -> 19.918255 | Q54: 20.047593 | R54: 0 | S54: 20.047593 | T54: 20.047593 | U54: 0 | V54: 20.047593 | W54: 20.047593 | X54: =+H54+L54+P54+Q54+R54+S54+T54+U54+V54+W54 -> 140.07447 | Y54: 2 | Z54: D
C55: Mantención y pintado interior talleres, salas de estar y duchas T.T. | D55: Preparación de superficie y aplicación de esquemas de pintura a muros, cielos y estructuras metálicas. | E55: 750 | F55: 1100 | G55: =+F55*E55 -> 825000 | H55: =+G55/$C$4 -> 20.748182 | L55: =+K55/$C$4 -> 0 | M55: =+E55 -> 750 | N55: =+F55 -> 1100 | O55: =+G55 -> 825000 | P55: =+O55/$C$4 -> 20.748182 | Q55: 20.882909 | R55: 0 | S55: 20.882909 | T55: 20.882909 | U55: 0 | V55: 20.882909 | W55: 20.882909 | X55: =+H55+L55+P55+Q55+R55+S55+T55+U55+V55+W55 -> 145.91091 | Y55: 2 | Z55: D
B56: Sala de caldera | C56: Mantención techumbre. | D56: Limpiar, revisar y cambiar sellos en cubirta de techo, canaletas y bajadas de aguas lluvias. | E56: 300 | F56: 800 | G56: =+F56*E56 -> 240000 | H56: =+G56/$C$4 -> 6.0358348 | I56: =+E56 -> 300 | J56: =+F56 -> 800 | K56: =+G56 -> 240000 | L56: =+K56/$C$4 -> 6.0358348 | M56: =+E56 -> 300 | N56: =+F56 -> 800 | O56: =+G56 -> 240000 | P56: =+O56/$C$4 -> 6.0358348 | Q56: 6.0750281 | R56: 6.0750281 | S56: 6.0750281 | T56: 6.0750281 | U56: 6.0750281 | V56: 6.0750281 | W56: 6.0750281 | X56: =+H56+L56+P56+Q56+R56+S56+T56+U56+V56+W56 -> 60.632701 | Y56: 1 | Z56: D
C57: Pintado exterior del edificio. | D57: Preparación de superficie y aplicación de esquemas de pintura a pilares y marcos de ventanales fabricados en estructura metálica. | E57: 20 | F57: 1100 | G57: =F57*E57 -> 22000 | H57: =+G57/$C$4 -> 0.55328485 | L57: =+K57/$C$4 -> 0 | P57: =+O57/$C$4 -> 0 | Q57: 0.55687758 | R57: 0 | S57: 0 | T57: 0.55687758 | U57: 0 | V57: 0 | W57: 0.55687758 | X57: =+H57+L57+P57+Q57+R57+S57+T57+U57+V57+W57 -> 2.2239176 | Y57: 3 | Z57: D
C58: Mantención integral a puertas y ventanas del edificio. | D58: Revisar y lubricar los mecanismos de funcionamiento, limpiar drenes, despiches y canales de ventanales. Revisar funcionamiento y apriete, lubricar quincallería, bisagras y cerraduras. | E58: 1 | F58: 25000 | G58: =+F58*E58 -> 25000 | H58: =+G58/$C$4 -> 0.62873279 | I58: =+E58 -> 1 | J58: =+F58 -> 25000 | K58: =+G58 -> 25000 | L58: =+K58/$C$4 -> 0.62873279 | M58: =+E58 -> 1 | N58: =+F58 -> 25000 | O58: =+G58 -> 25000 | P58: =+O58/$C$4 -> 0.62873279 | Q58: 0.63281543 | R58: 0.63281543 | S58: 0.63281543 | T58: 0.63281543 | U58: 0.63281543 | V58: 0.63281543 | W58: 0.63281543 | X58: =+H58+L58+P58+Q58+R58+S58+T58+U58+V58+W58 -> 6.3159064 | Y58: 1 | Z58: D
C59: Mantención muros interiores. | D59: Preparación de superficie y aplicación de esquemas de pintura a muros y estructuras metálicas. | E59: 170 | F59: 1100 | G59: =+F59*E59 -> 187000 | H59: =+G59/$C$4 -> 4.7029212 | L59: =+K59/$C$4 -> 0 | M59: =+E59 -> 170 | N59: =+F59 -> 1100 | O59: =+G59 -> 187000 | P59: =+O59/$C$4 -> 4.7029212 | Q59: 4.7334594 | R59: 0 | S59: 4.7334594 | T59: 4.7334594 | U59: 0 | V59: 4.7334594 | W59: 4.7334594 | X59: =+H59+L59+P59+Q59+R59+S59+T59+U59+V59+W59 -> 33.07314 | Y59: 2 | Z59: D
C60: Pintado de cielo | D60: Preparación de superficie y aplicación de esquemas de pintura a estructuras metálicas. | E60: 300 | F60: 1100 | G60: =+F60*E60 -> 330000 | H60: =+G60/$C$4 -> 8.2992728 | I60: =+E60 -> 300 | J60: =+F60 -> 1100 | K60: =+G60 -> 330000 | L60: =+K60/$C$4 -> 8.2992728 | M60: =+E60 -> 300 | N60: =+F60 -> 1100 | O60: =+G60 -> 330000 | P60: =+O60/$C$4 -> 8.2992728 | Q60: 8.3531637 | R60: 8.3531637 | S60: 8.3531637 | T60: 8.3531637 | U60: 8.3531637 | V60: 8.3531637 | W60: 8.3531637 | X60: =+H60+L60+P60+Q60+R60+S60+T60+U60+V60+W60 -> 83.369964 | Y60: 1 | Z60: D
C61: Mantención al piso | D61: Lavado y limpieza de frague. | E61: 200 | F61: 800 | G61: =+F61*E61 -> 160000 | H61: =+G61/$C$4 -> 4.0238898 | I61: =+E61 -> 200 | J61: =+F61 -> 800 | K61: =+G61 -> 160000 | L61: =+K61/$C$4 -> 4.0238898 | M61: =+E61 -> 200 | N61: =+F61 -> 800 | O61: =+G61 -> 160000 | P61: =+O61/$C$4 -> 4.0238898 | Q61: 4.0500187 | R61: 4.0500187 | S61: 4.0500187 | T61: 4.0500187 | U61: 4.0500187 | V61: 4.0500187 | W61: 4.0500187 | X61: =+H61+L61+P61+Q61+R61+S61+T61+U61+V61+W61 -> 40.421801 | Y61: 1 | Z61: D
B62: Brigada Escuela y Garage | C62: Mantención azotea. | D62: Limpiar, revisar y cambiar sellos en cubirta de techo, canaletas y bajadas de aguas lluvias. | E62: 210 | F62: 800 | G62: =+F62*E62 -> 168000 | H62: =+G62/$C$4 -> 4.2250843 | I62: =+E62 -> 210 | J62: =+F62 -> 800 | K62: =+G62 -> 168000 | L62: =+K62/$C$4 -> 4.2250843 | M62: =+E62 -> 210 | N62: =+F62 -> 800 | O62: =+G62 -> 168000 | P62: =+O62/$C$4 -> 4.2250843 | Q62: 4.2525197 | R62: 4.2525197 | S62: 4.2525197 | T62: 4.2525197 | U62: 4.2525197 | V62: 4.2525197 | W62: 4.2525197 | X62: =+H62+L62+P62+Q62+R62+S62+T62+U62+V62+W62 -> 42.442891 | Y62: 1 | Z62: A | AA62: Se requere impermeabilizar azotea, trabajos considerados en proyectos de recuperación de la infraestructura.
C63: Pintado exterior del edificio. | D63: Preparación de superficie y aplicación de esquemas de pintura a muros, pilares metálicos. | E63: 112 | F63: 1100 | G63: =F63*E63 -> 123200 | H63: =+G63/$C$4 -> 3.0983952 | L63: =+K63/$C$4 -> 0 | P63: =+O63/$C$4 -> 0 | Q63: 3.1185144 | R63: 0 | S63: 0 | T63: 3.1185144 | U63: 0 | V63: 0 | W63: 3.1185144 | X63: =+H63+L63+P63+Q63+R63+S63+T63+U63+V63+W63 -> 12.453938 | Y63: 3 | Z63: D
C64: Mantención a puertas y ventanas. | D64: Revisar y lubricar los mecanismos de funcionamiento, limpiar drenes, despiches y canales de ventanales. Revisar funcionamiento y apriete, lubricar quincallería, bisagras y cerraduras. | E64: 1 | F64: 300000 | G64: =+F64*E64 -> 300000 | H64: =+G64/$C$4 -> 7.5447934 | I64: =+E64 -> 1 | J64: =+F64 -> 300000 | K64: =+G64 -> 300000 | L64: =+K64/$C$4 -> 7.5447934 | M64: =+E64 -> 1 | N64: =+F64 -> 300000 | O64: =+G64 -> 300000 | P64: =+O64/$C$4 -> 7.5447934 | Q64: 7.5937851 | R64: 7.5937851 | S64: 7.5937851 | T64: 7.5937851 | U64: 7.5937851 | V64: 7.5937851 | W64: 7.5937851 | X64: =+H64+L64+P64+Q64+R64+S64+T64+U64+V64+W64 -> 75.790876 | Y64: 1 | Z64: D
C65: Mantención muros interiores. | D65: Preparación de superficie y aplicación de esquemas de pintura a muros, marcos de puertes, puertas y estructuras metálicas. | E65: 182 | F65: 1100 | G65: =+F65*E65 -> 200200 | H65: =+G65/$C$4 -> 5.0348922 | L65: =+K65/$C$4 -> 0 | M65: =+E65 -> 182 | N65: =+F65 -> 1100 | O65: =+G65 -> 200200 | P65: =+O65/$C$4 -> 5.0348922 | Q65: 5.067586 | R65: 0 | S65: 5.067586 | T65: 5.067586 | U65: 0 | V65: 5.067586 | W65: 5.067586 | X65: =+H65+L65+P65+Q65+R65+S65+T65+U65+V65+W65 -> 35.407714 | Y65: 2 | Z65: D
C66: Pintado de cielo | D66: Preparación de superficie y aplicación de esquemas de pintura a cielo. | E66: 62 | F66: 1100 | G66: =+F66*E66 -> 68200 | H66: =+G66/$C$4 -> 1.715183 | I66: =+E66 -> 62 | J66: =+F66 -> 1100 | K66: =+G66 -> 68200 | L66: =+K66/$C$4 -> 1.715183 | M66: =+E66 -> 62 | N66: =+F66 -> 1100 | O66: =+G66 -> 68200 | P66: =+O66/$C$4 -> 1.715183 | Q66: 1.7263205 | R66: 1.7263205 | S66: 1.7263205 | T66: 1.7263205 | U66: 1.7263205 | V66: 1.7263205 | W66: 1.7263205 | X66: =+H66+L66+P66+Q66+R66+S66+T66+U66+V66+W66 -> 17.229793 | Y66: 1 | Z66: D
C67: Mantención instalaciones sanitarias. | D67: Limpieza de la red de alcantarillado, piletas y sifones, verificar el correcto funcionamiento de artefactos sanitarios y cambio de sellos, revision y reparación de llaves de paso y monomandos, revision y reparación de filtraciones en red de agua potable. | E67: 1 | F67: 100000 | G67: =+F67*E67 -> 100000 | H67: =+G67/$C$4 -> 2.5149311 | I67: =+E67 -> 1 | J67: =+F67 -> 100000 | K67: =+G67 -> 100000 | L67: =+K67/$C$4 -> 2.5149311 | M67: =+E67 -> 1 | N67: =+F67 -> 100000 | O67: =+G67 -> 100000 | P67: =+O67/$C$4 -> 2.5149311 | Q67: 2.5312617 | R67: 2.5312617 | S67: 2.5312617 | T67: 2.5312617 | U67: 2.5312617 | V67: 2.5312617 | W67: 2.5312617 | X67: =+H67+L67+P67+Q67+R67+S67+T67+U67+V67+W67 -> 25.263625 | Y67: 1 | Z67: D
C68: Mantención y pintado de baños. | D68: Preparación de superficie y aplicación de esquemas de pintura a cielo. | E68: 6 | F68: 1100 | G68: =+F68*E68 -> 6600 | H68: =+G68/$C$4 -> 0.16598546 | I68: =+E68 -> 6 | J68: =+F68 -> 1100 | K68: =+G68 -> 6600 | L68: =+K68/$C$4 -> 0.16598546 | M68: =+E68 -> 6 | N68: =+F68 -> 1100 | O68: =+G68 -> 6600 | P68: =+O68/$C$4 -> 0.16598546 | Q68: 0.16706327 | R68: 0.16706327 | S68: 0.16706327 | T68: 0.16706327 | U68: 0.16706327 | V68: 0.16706327 | W68: 0.16706327 | X68: =+H68+L68+P68+Q68+R68+S68+T68+U68+V68+W68 -> 1.6673993 | Z68: D
C69: Mantención al piso. | D69: Lavado y limpieza de frague. | E69: 120 | F69: 800 | G69: =+F69*E69 -> 96000 | H69: =+G69/$C$4 -> 2.4143339 | I69: =+E69 -> 120 | J69: =+F69 -> 800 | K69: =+G69 -> 96000 | L69: =+K69/$C$4 -> 2.4143339 | M69: =+E69 -> 120 | N69: =+F69 -> 800 | O69: =+G69 -> 96000 | P69: =+O69/$C$4 -> 2.4143339 | Q69: 2.4300112 | R69: 2.4300112 | S69: 2.4300112 | T69: 2.4300112 | U69: 2.4300112 | V69: 2.4300112 | W69: 2.4300112 | X69: =+H69+L69+P69+Q69+R69+S69+T69+U69+V69+W69 -> 24.25308 | Y69: 1 | Z69: D
B70: Chutera | C70: Mantención techumbre. | D70: Limpiar, revisar y cambiar sellos en cubirta de techo, canaletas y bajadas de aguas lluvias. | E70: 20 | F70: 800 | G70: =+F70*E70 -> 16000 | H70: =+G70/$C$4 -> 0.40238898 | I70: =+E70 -> 20 | J70: =+F70 -> 800 | K70: =+G70 -> 16000 | L70: =+K70/$C$4 -> 0.40238898 | M70: =+E70 -> 20 | N70: =+F70 -> 800 | O70: =+G70 -> 16000 | P70: =+O70/$C$4 -> 0.40238898 | Q70: 0.40500187 | R70: 0.40500187 | S70: 0.40500187 | T70: 0.40500187 | U70: 0.40500187 | V70: 0.40500187 | W70: 0.40500187 | X70: =+H70+L70+P70+Q70+R70+S70+T70+U70+V70+W70 -> 4.0421801 | Y70: 1 | Z70: D
C71: Pintado exterior del edificio. | D71: Preparación de superficie y aplicación de esquemas de pintura a muros, marcos de puertas y puertas fabricadas en estructura metálica. | E71: 150 | F71: 1100 | G71: =+F71*E71 -> 165000 | H71: =+G71/$C$4 -> 4.1496364 | L71: =+K71/$C$4 -> 0 | P71: =+O71/$C$4 -> 0 | Q71: 4.1765818 | R71: 0 | S71: 0 | T71: 4.1765818 | U71: 0 | V71: 0 | W71: 4.1765818 | X71: =+H71+L71+P71+Q71+R71+S71+T71+U71+V71+W71 -> 16.679382 | Y71: 3 | Z71: D
C72: Mantención al piso. | D72: Lavado y limpieza de frague. | E72: 195 | F72: 800 | G72: =+F72*E72 -> 156000 | H72: =+G72/$C$4 -> 3.9232926 | I72: =+E72 -> 195 | J72: =+F72 -> 800 | K72: =+G72 -> 156000 | L72: =+K72/$C$4 -> 3.9232926 | M72: =+E72 -> 195 | N72: =+F72 -> 800 | O72: =+G72 -> 156000 | P72: =+O72/$C$4 -> 3.9232926 | Q72: 3.9487683 | R72: 3.9487683 | S72: 3.9487683 | T72: 3.9487683 | U72: 3.9487683 | V72: 3.9487683 | W72: 3.9487683 | X72: =+H72+L72+P72+Q72+R72+S72+T72+U72+V72+W72 -> 39.411256 | Y72: 1 | Z72: D
B73: Edificio Dirección | C73: Mantención techumbre. | D73: Limpiar, revisar y cambiar sellos en cubierta de techo, canaletas y bajadas de aguas lluvias. | E73: 22 | F73: 800 | G73: =+F73*E73 -> 17600 | H73: =+G73/$C$4 -> 0.44262788 | I73: =+E73 -> 22 | J73: =+F73 -> 800 | K73: =+G73 -> 17600 | L73: =+K73/$C$4 -> 0.44262788 | M73: =+E73 -> 22 | N73: =+F73 -> 800 | O73: =+G73 -> 17600 | P73: =+O73/$C$4 -> 0.44262788 | Q73: 0.44550206 | R73: 0.44550206 | S73: 0.44550206 | T73: 0.44550206 | U73: 0.44550206 | V73: 0.44550206 | W73: 0.44550206 | X73: =+H73+L73+P73+Q73+R73+S73+T73+U73+V73+W73 -> 4.4463981 | Y73: 1 | Z73: D
C74: Mantención de azoteas. | D74: Limpiar y revisar sistema de impermeabilización azotea, limpiar y destapar canaletas y bajadas de aguas lluvias. | E74: 350 | F74: 800 | G74: =+F74*E74 -> 280000 | H74: =+G74/$C$4 -> 7.0418072 | I74: =+E74 -> 350 | J74: =+F74 -> 800 | K74: =+G74 -> 280000 | L74: =+K74/$C$4 -> 7.0418072 | M74: =+E74 -> 350 | N74: =+F74 -> 800 | O74: =+G74 -> 280000 | P74: =+O74/$C$4 -> 7.0418072 | Q74: 7.0875328 | R74: 7.0875328 | S74: 7.0875328 | T74: 7.0875328 | U74: 7.0875328 | V74: 7.0875328 | W74: 7.0875328 | X74: =+H74+L74+P74+Q74+R74+S74+T74+U74+V74+W74 -> 70.738151 | Y74: 1 | Z74: B | AA74: Se requere impermeabilizar azotea, trabajos considerados en proyectos de recuperación de la infraestructura.
C75: Pintado exterior del edificio. | D75: Reparar fisuras, preparación de superficies, aplicación de esquemas de pintura en muros y pilares metálicos, revisión y correccion de sellos en ventanales. | E75: 1500 | F75: 59572.988 | G75: =+F75*E75 -> 89359482 | H75: =+G75/$C$4 -> 2247.3294 | L75: =+K75/$C$4 -> 0 | P75: =+O75/$C$4 -> 0 | Q75: 2261.9224 | R75: 0 | S75: 0 | T75: 2261.9224 | U75: 0 | V75: 0 | W75: 2261.9224 | X75: =+H75+L75+P75+Q75+R75+S75+T75+U75+V75+W75 -> 9033.0965 | Y75: 3 | Z75: D
C76: Mantención ascensores. | D76: Incluye inspecciones, ajustes, lubricación, limpieza y reparaciones preventivas de componentes como cables, puertas y frenos. | E76: 12 | F76: 380000 | G76: =+F76*E76 -> 4560000 | H76: =+G76/$C$4 -> 114.68086 | I76: =+E76 -> 12 | J76: =+F76 -> 380000 | K76: =+G76 -> 4560000 | L76: =+K76/$C$4 -> 114.68086 | M76: =+E76 -> 12 | N76: =+F76 -> 380000 | O76: =+G76 -> 4560000 | P76: =+O76/$C$4 -> 114.68086 | Q76: 115.42553 | R76: 115.42553 | S76: 115.42553 | T76: 115.42553 | U76: 115.42553 | V76: 115.42553 | W76: 115.42553 | X76: =+H76+L76+P76+Q76+R76+S76+T76+U76+V76+W76 -> 1152.0213 | Y76: 1 | Z76: D
C77: Certificación ascensores. | D77: Certificación anueal. | E77: 1 | F77: 623649 | G77: =+F77*E77 -> 623649 | H77: =+G77/$C$4 -> 15.684343 | I77: =+E77 -> 1 | J77: =+F77 -> 623649 | K77: =+G77 -> 623649 | L77: =+K77/$C$4 -> 15.684343 | M77: =+E77 -> 1 | N77: =+F77 -> 623649 | O77: =+G77 -> 623649 | P77: =+O77/$C$4 -> 15.684343 | Q77: 15.786188 | R77: 15.786188 | S77: 15.786188 | T77: 15.786188 | U77: 15.786188 | V77: 15.786188 | W77: 15.786188 | X77: =+H77+L77+P77+Q77+R77+S77+T77+U77+V77+W77 -> 157.55635 | Y77: 1 | Z77: D
C78: Mantención a puertas y ventanas. | D78: Revisar y lubricar los mecanismos de funcionamiento, limpiar drenes, despiches y canales de ventanales. Revisar funcionamiento y apriete, lubricar quincallería, bisagras y cerraduras. | E78: 1 | F78: 6000000 | G78: =+F78*E78 -> 6000000 | H78: =+G78/$C$4 -> 150.89587 | I78: =+E78 -> 1 | J78: =+F78 -> 6000000 | K78: =+G78 -> 6000000 | L78: =+K78/$C$4 -> 150.89587 | M78: =+E78 -> 1 | N78: =+F78 -> 6000000 | O78: =+G78 -> 6000000 | P78: =+O78/$C$4 -> 150.89587 | Q78: 151.8757 | R78: 151.8757 | S78: 151.8757 | T78: 151.8757 | U78: 151.8757 | V78: 151.8757 | W78: 151.8757 | X78: =+H78+L78+P78+Q78+R78+S78+T78+U78+V78+W78 -> 1515.8175 | Y78: 1 | Z78: B | AA78: Ventanales suelto y desajustados, permitiendo el ingreso de viento y polvo desde el exterior al interior de ñas oficinas, requere un pronto cambio, trabajo considerado en proyecto de recuperacion de la infraestructura ESNAVAL.
C79: Mantención instalaciones sanitarias. | D79: Limpieza de la red de alcantarillado, piletas y sifones, verificar el correcto funcionamiento de artefactos sanitarios y cambio de sellos, revision y reparación de llaves de paso y monomandos, revision y reparación de filtraciones en red de agua potable. | E79: 1 | F79: 250000 | G79: =+F79*E79 -> 250000 | H79: =+G79/$C$4 -> 6.2873279 | I79: =+E79 -> 1 | J79: =+F79 -> 250000 | K79: =+G79 -> 250000 | L79: =+K79/$C$4 -> 6.2873279 | M79: =+E79 -> 1 | N79: =+F79 -> 250000 | O79: =+G79 -> 250000 | P79: =+O79/$C$4 -> 6.2873279 | Q79: 6.3281543 | R79: 6.3281543 | S79: 6.3281543 | T79: 6.3281543 | U79: 6.3281543 | V79: 6.3281543 | W79: 6.3281543 | X79: =+H79+L79+P79+Q79+R79+S79+T79+U79+V79+W79 -> 63.159064 | Y79: 1 | Z79: D
C80: Mantención a oficinas piso 2 al 8. | D80: Preparación de superficie y aplicación de esquemas de pintura a muros, barnizado de puertas y muebles de madera. | E80: 2750 | F80: 1100 | G80: =+F80*E80 -> 3025000 | H80: =+G80/$C$4 -> 76.076667 | L80: =+K80/$C$4 -> 0 | M80: =+E80 -> 2750 | N80: =+F80 -> 1100 | O80: =+G80 -> 3025000 | P80: =+O80/$C$4 -> 76.076667 | Q80: 76.570667 | R80: 0 | S80: 76.570667 | T80: 76.570667 | U80: 0 | V80: 76.570667 | W80: 76.570667 | X80: =+H80+L80+P80+Q80+R80+S80+T80+U80+V80+W80 -> 535.00667 | Y80: 2 | Z80: D
C81: Pintado de cielo. | D81: Preparación de superficie y aplicación de esquemas de pintura a cielo. | E81: 4270 | F81: 1100 | G81: =+F81*E81 -> 4697000 | H81: =+G81/$C$4 -> 118.12632 | I81: =+E81 -> 4270 | J81: =+F81 -> 1100 | K81: =+G81 -> 4697000 | L81: =+K81/$C$4 -> 118.12632 | M81: =+E81 -> 4270 | N81: =+F81 -> 1100 | O81: =+G81 -> 4697000 | P81: =+O81/$C$4 -> 118.12632 | Q81: 118.89336 | R81: 118.89336 | S81: 118.89336 | T81: 118.89336 | U81: 118.89336 | V81: 118.89336 | W81: 118.89336 | X81: =+H81+L81+P81+Q81+R81+S81+T81+U81+V81+W81 -> 1186.6325 | Y81: 1 | Z81: D
C82: Sala histórica. | D82: Preparación de superficie y aplicación de esquemas de pintura en cielo, muros, barnizado de puertas y muebles de madera. | E82: 640 | F82: 1100 | G82: =+F82*E82 -> 704000 | H82: =+G82/$C$4 -> 17.705115 | L82: =+K82/$C$4 -> 0 | M82: =+E82 -> 640 | N82: =+F82 -> 1100 | O82: =+G82 -> 704000 | P82: =+O82/$C$4 -> 17.705115 | Q82: 17.820082 | R82: 0 | S82: 17.820082 | T82: 17.820082 | U82: 0 | V82: 17.820082 | W82: 17.820082 | X82: =+H82+L82+P82+Q82+R82+S82+T82+U82+V82+W82 -> 124.51064 | Y82: 2 | Z82: D
C83: Mantención y pintado de baños. | D83: Preparación de superficie y aplicación de esquemas de pintura a cielo. | E83: 60 | F83: 1100 | G83: =+F83*E83 -> 66000 | H83: =+G83/$C$4 -> 1.6598546 | I83: =+E83 -> 60 | J83: =+F83 -> 1100 | K83: =+G83 -> 66000 | L83: =+K83/$C$4 -> 1.6598546 | M83: =+E83 -> 60 | N83: =+F83 -> 1100 | O83: =+G83 -> 66000 | P83: =+O83/$C$4 -> 1.6598546 | Q83: 1.6706327 | R83: 1.6706327 | S83: 1.6706327 | T83: 1.6706327 | U83: 1.6706327 | V83: 1.6706327 | W83: 1.6706327 | X83: =+H83+L83+P83+Q83+R83+S83+T83+U83+V83+W83 -> 16.673993 | Z83: D
C84: Mantención oficinas de oficiales de divisiòn (piso zócalo). | D84: Preparación de superficie y aplicación de esquemas de pintura a muros, barnizado de puertas y muebles de madera. | E84: 420 | F84: 1100 | G84: =+F84*E84 -> 462000 | H84: =+G84/$C$4 -> 11.618982 | L84: =+K84/$C$4 -> 0 | M84: =+E84 -> 420 | N84: =+F84 -> 1100 | O84: =+G84 -> 462000 | P84: =+O84/$C$4 -> 11.618982 | Q84: 11.694429 | R84: 0 | S84: 11.694429 | T84: 11.694429 | U84: 0 | V84: 11.694429 | W84: 11.694429 | X84: =+H84+L84+P84+Q84+R84+S84+T84+U84+V84+W84 -> 81.710109 | Y84: 2 | Z84: D
C85: Mantención y pintado de baños. | D85: Preparación de superficie y aplicación de esquemas de pintura a cielo. | E85: 22 | F85: 1100 | G85: =+F85*E85 -> 24200 | H85: =+G85/$C$4 -> 0.60861334 | I85: =+E85 -> 22 | J85: =+F85 -> 1100 | K85: =+G85 -> 24200 | L85: =+K85/$C$4 -> 0.60861334 | M85: =+E85 -> 22 | N85: =+F85 -> 1100 | O85: =+G85 -> 24200 | P85: =+O85/$C$4 -> 0.60861334 | Q85: 0.61256534 | R85: 0.61256534 | S85: 0.61256534 | T85: 0.61256534 | U85: 0.61256534 | V85: 0.61256534 | W85: 0.61256534 | X85: =+H85+L85+P85+Q85+R85+S85+T85+U85+V85+W85 -> 6.1137974 | Z85: D
C86: Mantención al piso. | D86: Lavado y limpieza de frague. | E86: 15 | F86: 800 | G86: =+F86*E86 -> 12000 | H86: =+G86/$C$4 -> 0.30179174 | I86: =+E86 -> 15 | J86: =+F86 -> 800 | K86: =+G86 -> 12000 | L86: =+K86/$C$4 -> 0.30179174 | M86: =+E86 -> 15 | N86: =+F86 -> 800 | O86: =+G86 -> 12000 | P86: =+O86/$C$4 -> 0.30179174 | Q86: 0.30375141 | R86: 0.30375141 | S86: 0.30375141 | T86: 0.30375141 | U86: 0.30375141 | V86: 0.30375141 | W86: 0.30375141 | X86: =+H86+L86+P86+Q86+R86+S86+T86+U86+V86+W86 -> 3.0316351 | Y86: 1 | Z86: D
C87: Pintado espacios comunes. | D87: Preparación de superficie y aplicación de esquemas de pintura a muros, barnizado de puertas y muebles de madera. | E87: 350 | F87: 1100 | G87: =+F87*E87 -> 385000 | H87: =+G87/$C$4 -> 9.6824849 | L87: =+K87/$C$4 -> 0 | M87: =+E87 -> 350 | N87: =+F87 -> 1100 | O87: =+G87 -> 385000 | P87: =+O87/$C$4 -> 9.6824849 | Q87: 9.7453576 | R87: 0 | S87: 9.7453576 | T87: 9.7453576 | U87: 0 | V87: 9.7453576 | W87: 9.7453576 | X87: =+H87+L87+P87+Q87+R87+S87+T87+U87+V87+W87 -> 68.091758 | Y87: 2 | Z87: D
B88: Comedores de Cadetes | C88: Mantención de techumbre. | D88: Limpiar, revisar y cambiar sellos en cubirta de techo, canaletas y bajadas de aguas lluvias. | E88: 1780 | F88: 800 | G88: =+F88*E88 -> 1424000 | H88: =+G88/$C$4 -> 35.81262 | I88: =+E88 -> 1780 | J88: =+F88 -> 800 | K88: =+G88 -> 1424000 | L88: =+K88/$C$4 -> 35.81262 | M88: =+E88 -> 1780 | N88: =+F88 -> 800 | O88: =+G88 -> 1424000 | P88: =+O88/$C$4 -> 35.81262 | Q88: 36.045167 | R88: 36.045167 | S88: 36.045167 | T88: 36.045167 | U88: 36.045167 | V88: 36.045167 | W88: 36.045167 | X88: =+H88+L88+P88+Q88+R88+S88+T88+U88+V88+W88 -> 359.75403 | Y88: 1 | Z88: D
C89: Pintado exterior del edificio. | D89: Preparación de superficie y aplicación de esquemas de pintura a muros, estructuras metálicas y pretector de madera en bajo aleros. | E89: 400 | F89: 1100 | G89: =+F89*E89 -> 440000 | H89: =+G89/$C$4 -> 11.065697 | L89: =+K89/$C$4 -> 0 | P89: =+O89/$C$4 -> 0 | Q89: 11.137552 | R89: 0 | S89: 0 | T89: 11.137552 | U89: 0 | V89: 0 | W89: 11.137552 | X89: =+H89+L89+P89+Q89+R89+S89+T89+U89+V89+W89 -> 44.478352 | Y89: 3 | Z89: D
C90: Barnizado de cielo | D90: Preparación de superficie y aplicación de barniz. | E90: 1780 | F90: 1100 | G90: =+F90*E90 -> 1958000 | H90: =+G90/$C$4 -> 49.242352 | I90: =+E90 -> 1780 | J90: =+F90 -> 1100 | K90: =+G90 -> 1958000 | L90: =+K90/$C$4 -> 49.242352 | M90: =+E90 -> 1780 | N90: =+F90 -> 1100 | O90: =+G90 -> 1958000 | P90: =+O90/$C$4 -> 49.242352 | Q90: 49.562104 | R90: 49.562104 | S90: 49.562104 | T90: 49.562104 | U90: 49.562104 | V90: 49.562104 | W90: 49.562104 | X90: =+H90+L90+P90+Q90+R90+S90+T90+U90+V90+W90 -> 494.66179 | Y90: 1 | Z90: D
C91: Mantención integral a puertas y ventanas del edificio. | D91: Revisar y lubricar los mecanismos de funcionamiento, limpiar drenes, despiches y canales de ventanales. Revisar funcionamiento y apriete, lubricar quincallería, bisagras y cerraduras. | E91: 1 | F91: 300000 | G91: =+F91*E91 -> 300000 | H91: =+G91/$C$4 -> 7.5447934 | I91: =+E91 -> 1 | J91: =+F91 -> 300000 | K91: =+G91 -> 300000 | L91: =+K91/$C$4 -> 7.5447934 | M91: =+E91 -> 1 | N91: =+F91 -> 300000 | O91: =+G91 -> 300000 | P91: =+O91/$C$4 -> 7.5447934 | Q91: 7.5937851 | R91: 7.5937851 | S91: 7.5937851 | T91: 7.5937851 | U91: 7.5937851 | V91: 7.5937851 | W91: 7.5937851 | X91: =+H91+L91+P91+Q91+R91+S91+T91+U91+V91+W91 -> 75.790876 | Y91: 1 | Z91: D
C92: Mantención y pintado interior. | D92: Preparación de superficie y aplicación de esquemas de pintura a muros y protector de madera a cielo. | E92: 320 | F92: 1100 | G92: =+F92*E92 -> 352000 | H92: =+G92/$C$4 -> 8.8525576 | L92: =+K92/$C$4 -> 0 | M92: =+E92 -> 320 | N92: =+F92 -> 1100 | O92: =+G92 -> 352000 | P92: =+O92/$C$4 -> 8.8525576 | Q92: 8.9100412 | R92: 0 | S92: 8.9100412 | T92: 8.9100412 | U92: 0 | V92: 8.9100412 | W92: 8.9100412 | X92: =+H92+L92+P92+Q92+R92+S92+T92+U92+V92+W92 -> 62.255321 | Y92: 2 | Z92: D
C93: Mantención al piso. | D93: Lavado y limpieza de frague. | E93: 1370 | F93: 800 | G93: =+F93*E93 -> 1096000 | H93: =+G93/$C$4 -> 27.563645 | I93: =+E93 -> 1370 | J93: =+F93 -> 800 | K93: =+G93 -> 1096000 | L93: =+K93/$C$4 -> 27.563645 | M93: =+E93 -> 1370 | N93: =+F93 -> 800 | O93: =+G93 -> 1096000 | P93: =+O93/$C$4 -> 27.563645 | Q93: 27.742628 | R93: 27.742628 | S93: 27.742628 | T93: 27.742628 | U93: 27.742628 | V93: 27.742628 | W93: 27.742628 | X93: =+H93+L93+P93+Q93+R93+S93+T93+U93+V93+W93 -> 276.88933 | Y93: 1 | Z93: D
B94: Pabellón N° 1 Salas de Clases. | C94: Mantención de azoteas. | D94: Limpiar y revisar sistema de impermeabilización azotea, limpiar y destapar canaletas y bajadas de aguas lluvias. | E94: 500 | F94: 800 | G94: =+F94*E94 -> 400000 | H94: =+G94/$C$4 -> 10.059725 | I94: =+E94 -> 500 | J94: =+F94 -> 800 | K94: =+G94 -> 400000 | L94: =+K94/$C$4 -> 10.059725 | M94: =+E94 -> 500 | N94: =+F94 -> 800 | O94: =+G94 -> 400000 | P94: =+O94/$C$4 -> 10.059725 | Q94: 10.125047 | R94: 10.125047 | S94: 10.125047 | T94: 10.125047 | U94: 10.125047 | V94: 10.125047 | W94: 10.125047 | X94: =+H94+L94+P94+Q94+R94+S94+T94+U94+V94+W94 -> 101.0545 | Y94: 1 | Z94: A | AA94: Hace mas de 12 años que no se impermeabilizan.
C95: Pintado exterior del edificio. | D95: Preparación de superficie y aplicación de esquemas de pintura a muros y pilares metálicos. | E95: 720 | F95: 1100 | G95: =+F95*E95 -> 792000 | H95: =+G95/$C$4 -> 19.918255 | L95: =+K95/$C$4 -> 0 | P95: =+O95/$C$4 -> 0 | Q95: 20.047593 | R95: 0 | S95: 0 | T95: 20.047593 | U95: 0 | V95: 0 | W95: 20.047593 | X95: =+H95+L95+P95+Q95+R95+S95+T95+U95+V95+W95 -> 80.061033 | Y95: 3 | Z95: A | AA95: Hace mas de 12 años que no se pintan.
C96: Mantención y pintado interior. | D96: Reparar fisuras, preparación de superficies y aplicación de esquemas de pintura en muros, cielo y puertas. | E96: 2180 | F96: 4200 | G96: =+F96*E96 -> 9156000 | H96: =+G96/$C$4 -> 230.2671 | L96: =+K96/$C$4 -> 0 | M96: =+E96 -> 2180 | N96: =+F96 -> 4200 | O96: =+G96 -> 9156000 | P96: =+O96/$C$4 -> 230.2671 | Q96: 231.76232 | R96: 0 | S96: 231.76232 | T96: 231.76232 | U96: 0 | V96: 231.76232 | W96: 231.76232 | X96: =+H96+L96+P96+Q96+R96+S96+T96+U96+V96+W96 -> 1619.3458 | Y96: 2 | Z96: B | AA96: Hace mas de 4 años que no se pintan.
C97: Pintado de cielo. | D97: Preparación de superficie y aplicación de esquemas de pintura a cielo. | E97: 500 | F97: 4200 | G97: =+F97*E97 -> 2100000 | H97: =+G97/$C$4 -> 52.813554 | I97: =+E97 -> 500 | J97: =+F97 -> 4200 | K97: =+G97 -> 2100000 | L97: =+K97/$C$4 -> 52.813554 | M97: =+E97 -> 500 | N97: =+F97 -> 4200 | O97: =+G97 -> 2100000 | P97: =+O97/$C$4 -> 52.813554 | Q97: 53.156496 | R97: 53.156496 | S97: 53.156496 | T97: 53.156496 | U97: 53.156496 | V97: 53.156496 | W97: 53.156496 | X97: =+H97+L97+P97+Q97+R97+S97+T97+U97+V97+W97 -> 530.53613 | Y97: 1 | Z97: B | AA97: Hace mas de 4 años que no se pintan.
C98: Mantención puertas y ventanas. | D98: Revisar y lubricar los mecanismos de funcionamiento, limpiar drenes, despiches y canales de ventanales. Revisar funcionamiento y apriete, lubricar quincallería, bisagras y cerraduras. | E98: 1 | F98: 350000 | G98: =+F98*E98 -> 350000 | H98: =+G98/$C$4 -> 8.802259 | I98: =+E98 -> 1 | J98: =+F98 -> 350000 | K98: =+G98 -> 350000 | L98: =+K98/$C$4 -> 8.802259 | M98: =+E98 -> 1 | N98: =+F98 -> 350000 | O98: =+G98 -> 350000 | P98: =+O98/$C$4 -> 8.802259 | Q98: 8.859416 | R98: 8.859416 | S98: 8.859416 | T98: 8.859416 | U98: 8.859416 | V98: 8.859416 | W98: 8.859416 | X98: =+H98+L98+P98+Q98+R98+S98+T98+U98+V98+W98 -> 88.422689 | Y98: 1 | Z98: D
C99: Mantención al piso. | D99: Lavado y limpieza de frague. | E99: 1850 | F99: 800 | G99: =+F99*E99 -> 1480000 | H99: =+G99/$C$4 -> 37.220981 | I99: =+E99 -> 1850 | J99: =+F99 -> 800 | K99: =+G99 -> 1480000 | L99: =+K99/$C$4 -> 37.220981 | M99: =+E99 -> 1850 | N99: =+F99 -> 800 | O99: =+G99 -> 1480000 | P99: =+O99/$C$4 -> 37.220981 | Q99: 37.462673 | R99: 37.462673 | S99: 37.462673 | T99: 37.462673 | U99: 37.462673 | V99: 37.462673 | W99: 37.462673 | X99: =+H99+L99+P99+Q99+R99+S99+T99+U99+V99+W99 -> 373.90166 | Y99: 1 | Z99: B | AA99: Hace mas de 4 años que no se lavan.
C100: Mantención y pintado de baños. | D100: Preparación de superficie y aplicación de esquemas de pintura a cielo. | E100: 28 | F100: 1100 | G100: =+F100*E100 -> 30800 | H100: =+G100/$C$4 -> 0.77459879 | I100: =+E100 -> 28 | J100: =+F100 -> 1100 | K100: =+G100 -> 30800 | L100: =+K100/$C$4 -> 0.77459879 | M100: =+E100 -> 28 | N100: =+F100 -> 1100 | O100: =+G100 -> 30800 | P100: =+O100/$C$4 -> 0.77459879 | Q100: 0.77962861 | R100: 0.77962861 | S100: 0.77962861 | T100: 0.77962861 | U100: 0.77962861 | V100: 0.77962861 | W100: 0.77962861 | X100: =+H100+L100+P100+Q100+R100+S100+T100+U100+V100+W100 -> 7.7811966 | Y100: 1 | Z100: D | AA100: Hace mas de 4 años que no se pintan.
C101: Mantención instalaciones sanitarias. | D101: Limpieza de la red de alcantarillado, piletas y sifones, verificar el correcto funcionamiento de artefactos sanitarios y cambio de sellos, revision y reparación de llaves de paso y monomandos, revision y reparación de filtraciones en red de agua potable. | E101: 1 | F101: 200000 | G101: =+F101*E101 -> 200000 | H101: =+G101/$C$4 -> 5.0298623 | I101: =+E101 -> 1 | J101: =+F101 -> 200000 | K101: =+G101 -> 200000 | L101: =+K101/$C$4 -> 5.0298623 | M101: =+E101 -> 1 | N101: =+F101 -> 200000 | O101: =+G101 -> 200000 | P101: =+O101/$C$4 -> 5.0298623 | Q101: 5.0625234 | R101: 5.0625234 | S101: 5.0625234 | T101: 5.0625234 | U101: 5.0625234 | V101: 5.0625234 | W101: 5.0625234 | X101: =+H101+L101+P101+Q101+R101+S101+T101+U101+V101+W101 -> 50.527251 | Y101: 1 | Z101: D
B102: Pabellón N° 2 Salas de Clases. | C102: Mantención de azoteas. | D102: Limpiar y revisar sistema de impermeabilización azotea, limpiar y destapar canaletas y bajadas de aguas lluvias. | E102: 500 | F102: 800 | G102: =+F102*E102 -> 400000 | H102: =+G102/$C$4 -> 10.059725 | I102: =+E102 -> 500 | J102: =+F102 -> 800 | K102: =+G102 -> 400000 | L102: =+K102/$C$4 -> 10.059725 | M102: =+E102 -> 500 | N102: =+F102 -> 800 | O102: =+G102 -> 400000 | P102: =+O102/$C$4 -> 10.059725 | Q102: 10.125047 | R102: 10.125047 | S102: 10.125047 | T102: 10.125047 | U102: 10.125047 | V102: 10.125047 | W102: 10.125047 | X102: =+H102+L102+P102+Q102+R102+S102+T102+U102+V102+W102 -> 101.0545 | Y102: 1 | Z102: A | AA102: Hace mas de 12 años que no se impermeabilizan.
...

Sheet PLAN RECUPERACIÓN 
C2: PLAN DE RECUPERACIÓN DE LA INFRAESTRUCTURA ESNAVAL
C4: Valor UF 09-01-2026 | E4: 39762.52
B6: PRIORIDAD | C6: SECTOR | D6: CONCEPTOS BASICOS | E6: TIPO DE TRABAJO | F6: Unidad de medida | G6: Cantidad | H6: Valor unitario | I6: Valor total $ | J6: Valor uf. | K6: AÑO 2026 | L6: AÑO 2027 | M6: AÑO 2028 | N6: AÑO 2029 | O6: AÑO 2030 | P6: AÑO 2031 | Q6: AÑO 2032 | R6: AÑO 2033 | S6: AÑO 2034 | T6: AÑO 2035 | U6: TOTAL EN 10 AÑOS | V6: OBSERVACIONES
B7: 1 | C7: Complejo deportivo | D7: Prevenir colapso estructural. | E7: Análisis estructural. | F7: GL | G7: 1 | H7: 3183030317 | I7: =+H7*G7 -> 3183030317 | J7: =+I7/$E$4 -> 80051.021 | V7: Techo en muy malas condiciones, con grandes filtraciones de agua al interior del edificio y riesgo de caidas de estructuras desde las alturas.
E8: Recuperación estructural. | V8: Revestimiento sector piscina olímpica, en muy malas condicones, con riesgo de desprendimiento de estructuras desde las alturas.
D9: Soportar embates de la lluvia y viento. | E9: Cambio cubierta de techo. | V9: Valor estimado sería reducido, si es que se adjudican los fondos del IND.
E10: Impermeabilización y pintura de fachadas.
E11: Cambio de ventanales.
D12: Cumplir con Normativa Chilena vigente. | E12: Vías de evacuación.
E13: Normalización eléctrica
E14: Instalación de gas.
E15: Instalaciones sanitarias.
E16: Red húmeda incendio.
E17: Accesibilidad universal.
D18: Modernización de artefactos o equipos por vetustez o falla. | E18: Calderas.
E19: Equipos deshumidificadores
E20: Equipos de aire acondicionado.
E21: Sistemas de filtrado
E22: Artefactos sanitarios.
E23: Cabinas de WC y duchas.
E24: Vaso piscinas
E25: Mantención de graderías.
H26: VALOR TOTAL | I26: =SUM(I7:I25) -> 3183030317 | J26: =+I26/$E$4 -> 80051.021 | K26: =+J26 -> 80051.021 | L26: 0 | M26: 0 | N26: 0 | O26: 0 | P26: 0 | Q26: 0 | R26: 0 | S26: 0 | T26: 0 | U26: =SUM(K26:T26) -> 80051.021
B27: 2 | C27: Edificio Dirección | D27: Prevenir colapso estructural. | E27: Análisis estructural. | F27: GL | G27: 4561 | H27: 5360 | I27: =+H27*G27 -> 24446960 | J27: =+I27/$E$4 -> 614.82421
E28: Recuperación estructural. | F28: GL | G28: Por definir según resultados del estudio | I28: 0 | J28: =+I28/$E$4 -> 0 | V28: Se requere impermeabilizar azotea, trabajos considerados en proyectos de recuperación de la infraestructura.
D29: Soportar embates de la lluvia y viento. | E29: Cambio cubierta de techo. | F29: M2 | G29: 62 | H29: 48000 | I29: =+H29*G29 -> 2976000 | J29: =+I29/$E$4 -> 74.844351
E30: Impermeabilización de azotea. | F30: M2 | G30: 350 | H30: 50000 | I30: =+H30*G30 -> 17500000 | J30: =+I30/$E$4 -> 440.11295
E31: Impermeabilización y pintura de fachadas. | F31: M2 | G31: 1500 | H31: 45760 | I31: =+H31*G31 -> 68640000 | J31: =+I31/$E$4 -> 1726.2487
E32: Cambio de ventanales. | F32: M2 | G32: 1300 | H32: 379000 | I32: =+H32*G32 -> 492700000 | J32: =+I32/$E$4 -> 12391.066 | V32: Ventanales suelto y desajustados, permitiendo el ingreso de viento y polvo desde el exterior al interior de ñas oficinas, requere un pronto cambio, trabajo considerado en proyecto de recuperacion de la infraestructura ESNAVAL.
D33: Cumplir con Normativa Chilena vigente. | E33: Vías de evacuación.. | F33: GL | G33: 1 | I33: =+H33*G33 -> 0 | J33: =+I33/$E$4 -> 0
E34: Normalización eléctrica | F34: M2 | G34: 4561 | H34: 23350 | I34: =+H34*G34 -> 106499350 | J34: =+I34/$E$4 -> 2678.3853
E35: Instalaciones sanitarias. | F35: GL | G35: 1 | I35: =+H35*G35 -> 0 | J35: =+I35/$E$4 -> 0
E36: Red húmeda incendio. | F36: GL | G36: 1 | I36: =+H36*G36 -> 0 | J36: =+I36/$E$4 -> 0
E37: Accesibilidad universal. | F37: GL | G37: 1 | H37: 14500000 | I37: =+H37*G37 -> 14500000 | J37: =+I37/$E$4 -> 364.66502
D38: Modernización de artefactos o equipos por vetustez o falla. | E38: Ascensores | F38: NR | G38: 2 | H38: 60000000 | I38: =+H38*G38 -> 120000000 | J38: =+I38/$E$4 -> 3017.9174
E39: Equipos de aire acondicionado 36000 BTU. | F39: NR | G39: 1 | H39: 3000000 | I39: =+H39*G39 -> 3000000 | J39: =+I39/$E$4 -> 75.447934
E40: WC institucional | F40: NR | G40: 16 | H40: 380000 | I40: =+H40*G40 -> 6080000 | J40: =+I40/$E$4 -> 152.90781 | M40: 74.
E41: Lavamanos | F41: NR | G41: 16 | H41: 120000 | I41: =+H41*G41 -> 1920000 | J41: =+I41/$E$4 -> 48.286678
E42: Vanitorios | F42: M2 | G42: 10 | H42: 712530 | I42: =+H42*G42 -> 7125300 | J42: =+I42/$E$4 -> 179.19639
E43: Cabinas de WC y duchas. | F43: NR | G43: =2*7 -> 14 | H43: 695000 | I43: =+H43*G43 -> 9730000 | J43: =+I43/$E$4 -> 244.7028
H44: VALOR TOTAL | I44: =SUM(I27:I43) -> 875117610 | J44: =+I44/$E$4 -> 22008.605 | K44: 0 | L44: =+J44 -> 22008.605 | M44: 0 | N44: 0 | O44: 0 | P44: 0 | Q44: 0 | R44: 0 | S44: 0 | T44: 0 | U44: =SUM(K44:T44) -> 22008.605
B45: 3 | C45: Casa de Yates | D45: Prevenir colapso estructural. | E45: Análisis estructural. | F45: GL | G45: 1498 | H45: 5360 | I45: =+H45*G45 -> 8029280 | J45: =+I45/$E$4 -> 201.93086
E46: Recuperación estructural. | G46: Por definir según resultados del estudio | I46: 0 | J46: =+I46/$E$4 -> 0
D47: Soportar embates de la lluvia y viento. | E47: Cambio cubierta de techo. | F47: M2 | G47: 950 | H47: 48000 | I47: =+H47*G47 -> 45600000 | J47: =+I47/$E$4 -> 1146.8086
E48: Impermeabilización y pintura de fachadas. | F48: M2 | G48: 1200 | H48: 45760 | I48: =+H48*G48 -> 54912000 | J48: =+I48/$E$4 -> 1380.999
E49: Cambio de ventanales. | F49: M2 | G49: 120 | H49: 379000 | I49: =+H49*G49 -> 45480000 | J49: =+I49/$E$4 -> 1143.7907
D50: Cumplir con Normativa Chilena vigente. | E50: Vías de evacuación. | I50: =+H50*G50 -> 0 | J50: =+I50/$E$4 -> 0
E51: Normalización eléctrica | F51: M2 | G51: =+G45 -> 1498 | H51: 23350 | I51: =+H51*G51 -> 34978300 | J51: =+I51/$E$4 -> 879.68016
E52: Instalación de gas. | I52: =+H52*G52 -> 0 | J52: =+I52/$E$4 -> 0
E53: Instalaciones sanitarias. | I53: =+H53*G53 -> 0 | J53: =+I53/$E$4 -> 0
E54: Red húmeda incendio. | I54: =+H54*G54 -> 0 | J54: =+I54/$E$4 -> 0
E55: Accesibilidad universal. | I55: =+H55*G55 -> 0 | J55: =+I55/$E$4 -> 0
D56: Modernización de artefactos o equipos por vetustez o falla. | E56: Calderas. | F56: NR | G56: 3 | H56: 650000 | I56: =+H56*G56 -> 1950000 | J56: =+I56/$E$4 -> 49.041157
E57: Equipos de aire acondicionado. | I57: =+H57*G57 -> 0 | J57: =+I57/$E$4 -> 0
E58: Urinarios. | F58: NR | G58: 12 | H58: 200000 | I58: =+H58*G58 -> 2400000 | J58: =+I58/$E$4 -> 60.358348
E59: Lavamanos | F59: NR | G59: 18 | H59: 120000 | I59: =+H59*G59 -> 2160000 | J59: =+I59/$E$4 -> 54.322513
E60: Lavaplatos | F60: NR | G60: 2 | H60: 120000 | I60: =+H60*G60 -> 240000 | J60: =+I60/$E$4 -> 6.0358348
E61: Vanitorios | F61: M2 | G61: 16 | H61: 712530 | I61: =+H61*G61 -> 11400480 | J61: =+I61/$E$4 -> 286.71422
E62: Cabinas de WC y duchas. | F62: NR | G62: 32 | H62: 695000 | I62: =+H62*G62 -> 22240000 | J62: =+I62/$E$4 -> 559.32069
H63: VALOR TOTAL | I63: =SUM(I45:I62) -> 229390060 | J63: =+I63/$E$4 -> 5769.0021 | K63: 0 | L63: 0 | M63: =+J63 -> 5769.0021 | N63: 0 | O63: 0 | P63: 0 | Q63: 0 | R63: 0 | S63: 0 | T63: 0 | U63: =SUM(K63:T63) -> 5769.0021
B64: 4 | C64: Brigada Escuela y Garage | D64: Prevenir colapso estructural. | E64: Análisis estructural. | F64: M2 | G64: 726 | H64: 5360 | I64: =+H64*G64 -> 3891360 | J64: =+I64/$E$4 -> 97.865025 | V64: Se requere impermeabilizar azotea, trabajos considerados en proyectos de recuperación de la infraestructura.
E65: Recuperación estructural. | F65: GL | G65: Por definir según resultados del estudio | J65: =+I65/$E$4 -> 0
D66: Soportar embates de la lluvia y viento. | E66: Cambio cubierta de techo. | F66: M2 | G66: 30 | H66: 48000 | I66: =+H66*G66 -> 1440000 | J66: =+I66/$E$4 -> 36.215009
E67: Impermeabilización de azotea. | F67: M2 | G67: 656 | H67: 50000 | I67: =+H67*G67 -> 32800000 | J67: =+I67/$E$4 -> 824.89742
E68: Impermeabilización y pintura de fachadas. | F68: M2 | G68: 112 | H68: 28000 | I68: =+H68*G68 -> 3136000 | J68: =+I68/$E$4 -> 78.868241
E69: Cambio de ventanales. | F69: M2 | G69: 60 | H69: 379000 | I69: =+H69*G69 -> 22740000 | J69: =+I69/$E$4 -> 571.89534
D70: Cumplir con Normativa Chilena vigente. | E70: Normalización eléctrica | F70: GL | G70: 726 | H70: 23350 | I70: =+H70*G70 -> 16952100 | J70: =+I70/$E$4 -> 426.33364
E71: Instalaciones sanitarias. | F71: GL | I71: =+H71*G71 -> 0 | J71: =+I71/$E$4 -> 0
E72: Red húmeda incendio. | F72: GL | I72: =+H72*G72 -> 0 | J72: =+I72/$E$4 -> 0
D73: Modernización de artefactos o equipos por vetustez o falla. | E73: Urinarios. | F73: NR | G73: 1 | H73: 200000 | I73: =+H73*G73 -> 200000 | J73: =+I73/$E$4 -> 5.0298623
E74: Lavamanos | F74: NR | G74: 2 | H74: 120000 | I74: =+H74*G74 -> 240000 | J74: =+I74/$E$4 -> 6.0358348
E75: Lavaplatos | F75: NR | G75: 1 | H75: 120000 | I75: =+H75*G75 -> 120000 | J75: =+I75/$E$4 -> 3.0179174
E76: Vanitorios | F76: M2 | G76: 2 | H76: 712530 | I76: =+H76*G76 -> 1425060 | J76: =+I76/$E$4 -> 35.839278
E77: Cabinas de WC y duchas. | F77: NR | G77: 1 | H77: 695000 | I77: =+H77*G77 -> 695000 | J77: =+I77/$E$4 -> 17.478771
H78: VALOR TOTAL | I78: =SUM(I64:I77) -> 83639520 | J78: =+I78/$E$4 -> 2103.4763 | K78: 0 | L78: 0 | M78: =+J78 -> 2103.4763 | N78: 0 | O78: 0 | P78: 0 | Q78: 0 | R78: 0 | S78: 0 | T78: 0 | U78: =SUM(K78:T78) -> 2103.4763
B79: 5 | C79: Salas de clases, 3 pabellones de 2 pisos cada uno. | D79: Prevenir colapso estructural. | E79: Análisis estructural. | F79: GL | G79: 2778 | H79: 5360 | I79: =+H79*G79 -> 14890080 | J79: =+I79/$E$4 -> 374.47526 | V79: Hace mas de 12 años que no se impermeabilizan.
E80: Recuperación estructural. | F80: GL | G80: Por definir según resultados del estudio | I80: 0 | J80: =+I80/$E$4 -> 0 | V80: Hace mas de 12 años que no se pintan.
D81: Soportar embates de la lluvia y viento. | E81: Impermeabilización de azotea. | F81: M2 | G81: 1500 | H81: 28000 | I81: =+H81*G81 -> 42000000 | J81: =+I81/$E$4 -> 1056.2711 | V81: Hace mas de 4 años que no se pintan.
E82: Impermeabilización y pintura de fachadas. | F82: M2 | G82: 2160 | H82: 28000 | I82: =+H82*G82 -> 60480000 | J82: =+I82/$E$4 -> 1521.0304
E83: Cambio de ventanales. | F83: M2 | G83: 650 | H83: 379000 | I83: =+H83*G83 -> 246350000 | J83: =+I83/$E$4 -> 6195.5329 | V83: Hace mas de 4 años que no se lavan.
D84: Cumplir con Normativa Chilena vigente. | E84: Vías de evacuación. | F84: GL | G84: 1 | I84: =+H84*G84 -> 0 | J84: =+I84/$E$4 -> 0 | V84: Hace mas de 4 años que no se pintan.
E85: Normalización eléctrica | F85: GL | G85: =+G79 -> 2778 | H85: 23350 | I85: =+H85*G85 -> 64866300 | J85: =+I85/$E$4 -> 1631.3428
E86: Instalaciones sanitarias. | F86: GL | G86: 1 | I86: =+H86*G86 -> 0 | J86: =+I86/$E$4 -> 0
E87: Red húmeda incendio. | F87: GL | G87: 1 | I87: =+H87*G87 -> 0 | J87: =+I87/$E$4 -> 0
E88: Accesibilidad universal. | F88: GL | G88: 1 | I88: =+H88*G88 -> 0 | J88: =+I88/$E$4 -> 0
D89: Modernización de artefactos o equipos por vetustez o falla. | E89: WC institucional. | F89: NR | G89: 45 | H89: 380000 | I89: =+H89*G89 -> 17100000 | J89: =+I89/$E$4 -> 430.05323
E90: Urinarios. | G90: 15 | H90: 200000 | I90: =+H90*G90 -> 3000000 | J90: =+I90/$E$4 -> 75.447934
E91: Lavamanos. | F91: NR | G91: 24 | H91: 120000 | I91: =+H91*G91 -> 2880000 | J91: =+I91/$E$4 -> 72.430017
E92: Vanitorios. | F92: M2 | G92: 9 | H92: 712530 | I92: =+H92*G92 -> 6412770 | J92: =+I92/$E$4 -> 161.27675
E93: Cabinas de WC y duchas. | F93: NR | G93: 45 | H93: 695000 | I93: =+H93*G93 -> 31275000 | J93: =+I93/$E$4 -> 786.54472
H94: VALOR TOTAL | I94: =SUM(I79:I93) -> 489254150 | J94: =+I94/$E$4 -> 12304.405 | K94: 0 | L94: 0 | M94: =+J94 -> 12304.405 | N94: 0 | O94: 0 | P94: 0 | Q94: 0 | R94: 0 | S94: 0 | T94: 0 | U94: =SUM(K94:T94) -> 12304.405
B95: 6 | C95: Comedores de Cadetes | D95: Prevenir colapso estructural. | E95: Estudio y Análisis estructural. | F95: GL | G95: 1455 | H95: 5360 | I95: =+H95*G95 -> 7798800 | J95: =+I95/$E$4 -> 196.13445
E96: Recuperación estructural (Cambio cielo de madera). | F96: M2 | G96: 1745 | H96: =162101652/G96 -> 92894.93 | I96: =+H96*G96 -> 162101652 | J96: =+I96/$E$4 -> 4076.7449
D97: Soportar embates de la lluvia y viento. | E97: Cubierta de techo. | F97: M2 | G97: 1745 | H97: 48000 | I97: =+H97*G97 -> 83760000 | J97: =+I97/$E$4 -> 2106.5063
E98: Impermeabilización y pintura de fachadas. | F98: M2 | G98: 360 | H98: 13500 | I98: =+H98*G98 -> 4860000 | J98: =+I98/$E$4 -> 122.22565
E99: Cambio de ventanales. | F99: M2 | G99: =435+38+36+38 -> 547 | H99: 379000 | I99: =+H99*G99 -> 207313000 | J99: =+I99/$E$4 -> 5213.7792
D100: Cumplir con Normativa Chilena vigente. | E100: Vías de evacuación. | F100: GL | I100: =+H100*G100 -> 0 | J100: =+I100/$E$4 -> 0
E101: Normalización eléctrica. | F101: GL | G101: =+G95 -> 1455 | H101: 23350 | I101: =+H101*G101 -> 33974250 | J101: =+I101/$E$4 -> 854.42899
E102: Red húmeda incendio. | F102: GL | I102: =+H102*G102 -> 0 | J102: =+I102/$E$4 -> 0
E103: Accesibilidad universal. | F103: GL | I103: =+H103*G103 -> 0 | J103: =+I103/$E$4 -> 0
...

Sheet RESUMEN RECUP. POR EDIFICIO
B2: PLAN DE RECUPERACIÓN DE LA INFRAESTRUCTURA ESNAVAL
B4: Valor UF 09-01-2026 | E4: 39762.52
H5: TRABAJOS NECESARIOS PARA SOPORTAR ENBASTE VIENTO Y LLUVIA
B6: PRIORIDAD | C6: EDIFICIO | D6: VALOR POR EDIFICIO EN $ | E6: VALOR UF. | F6: VALOR AUMENTADO POR EDIIFICIO | H6: TECHO Y AZOTEAS | I6: MUROS O FACHADAS | J6: VENTANALES | K6: VALOR TOTAL | L6: VALOR AUMENTADO POR EDIIFICIO
B7: 1 | C7: Complejo deportivo. | D7: =+'PLAN RECUPERACIÓN '!I26 -> 3183030317 | E7: =+D7/E4 -> 80051.021 | F7: =+D7 -> 3183030317
B8: 2 | C8: Edificio Dirección. | D8: =+'PLAN RECUPERACIÓN '!I44 -> 875117610 | E8: =+D8/E4 -> 22008.605 | F8: =+D8+F7 -> 4058147927 | H8: =+'PLAN RECUPERACIÓN '!I29+'PLAN RECUPERACIÓN '!I30 -> 20476000 | I8: =+'PLAN RECUPERACIÓN '!I31 -> 68640000 | J8: =+'PLAN RECUPERACIÓN '!I32 -> 492700000 | K8: =+J8+I8+H8 -> 581816000 | L8: =+K8 -> 581816000
B9: 3 | C9: Casa de Yates. | D9: =+'PLAN RECUPERACIÓN '!I63 -> 229390060 | E9: =+D9/E4 -> 5769.0021 | F9: =+D9+F8 -> 4287537987 | H9: =+'PLAN RECUPERACIÓN '!I47 -> 45600000 | I9: =+'PLAN RECUPERACIÓN '!I48 -> 54912000 | J9: =+'PLAN RECUPERACIÓN '!I49 -> 45480000 | K9: =+J9+I9+H9 -> 145992000 | L9: =+K9+L8 -> 727808000
B10: 4 | C10: Brigada Escuela y Garage. | D10: =+'PLAN RECUPERACIÓN '!I78 -> 83639520 | E10: =+D10/E4 -> 2103.4763 | F10: =+D10+F9 -> 4371177507 | H10: =+'PLAN RECUPERACIÓN '!I66+'PLAN RECUPERACIÓN '!I67 -> 34240000 | I10: =+'PLAN RECUPERACIÓN '!I68 -> 3136000 | J10: =+'PLAN RECUPERACIÓN '!I69 -> 22740000 | K10: =+J10+I10+H10 -> 60116000 | L10: =+K10+L9 -> 787924000
B11: 5 | C11: Salas de clases, 3 pabellones de 2 pisos cada uno. | D11: =+'PLAN RECUPERACIÓN '!I94 -> 489254150 | E11: =+D11/E4 -> 12304.405 | F11: =+D11+F10 -> 4860431657 | H11: =+'PLAN RECUPERACIÓN '!I81 -> 42000000 | I11: =+'PLAN RECUPERACIÓN '!I82 -> 60480000 | J11: =+'PLAN RECUPERACIÓN '!I83 -> 246350000 | K11: =+J11+I11+H11 -> 348830000 | L11: =+K11+L10 -> 1136754000
B12: 6 | C12: Comedores de Cadetes. | D12: =+'PLAN RECUPERACIÓN '!I104 -> 499807702 | E12: =+D12/E4 -> 12569.82 | F12: =+D12+F11 -> 5360239359 | H12: =+'PLAN RECUPERACIÓN '!I97+'PLAN RECUPERACIÓN '!I96 -> 245861652 | I12: =+'PLAN RECUPERACIÓN '!I98 -> 4860000 | J12: =+'PLAN RECUPERACIÓN '!I99 -> 207313000 | K12: =+J12+I12+H12 -> 458034652 | L12: =+K12+L11 -> 1594788652
B13: 7 | C13: Edificio Habitabilidad. | D13: =+'PLAN RECUPERACIÓN '!I128 -> 2409573820 | E13: =+D13/E4 -> 60599.122 | F13: =+D13+F12 -> 7769813179 | H13: =+'PLAN RECUPERACIÓN '!I107+'PLAN RECUPERACIÓN '!I108 -> 224240000 | I13: =+'PLAN RECUPERACIÓN '!I109 -> 163800000 | J13: =+'PLAN RECUPERACIÓN '!I110 -> 833800000 | K13: =+J13+I13+H13 -> 1221840000 | L13: =+K13+L12 -> 2816628652
B14: 8 | C14: Laboratorios y salas especiales. | D14: =+'PLAN RECUPERACIÓN '!I145 -> 779034920 | E14: =+D14/E4 -> 19592.192 | F14: =+D14+F13 -> 8548848099 | H14: =+'PLAN RECUPERACIÓN '!I131+'PLAN RECUPERACIÓN '!I132 -> 93970000 | I14: =+'PLAN RECUPERACIÓN '!I133 -> 165200000 | J14: =+'PLAN RECUPERACIÓN '!I134 -> 341100000 | K14: =+J14+I14+H14 -> 600270000 | L14: =+K14+L13 -> 3416898652
B15: 9 | C15: Talabartería y Sala de armas. | D15: =+'PLAN RECUPERACIÓN '!I156 -> 70877250 | E15: =+D15/E4 -> 1782.514 | F15: =+D15+F14 -> 8619725349 | H15: =+'PLAN RECUPERACIÓN '!I148 -> 27500000 | I15: =+'PLAN RECUPERACIÓN '!I149 -> 6580000 | J15: =+'PLAN RECUPERACIÓN '!I150 -> 15160000 | K15: =+J15+I15+H15 -> 49240000 | L15: =+K15+L14 -> 3466138652
B16: 10 | C16: Polígono de tiro. | D16: =+'PLAN RECUPERACIÓN '!I173 -> 88860180 | E16: =+D16/E4 -> 2234.7723 | F16: =+D16+F15 -> 8708585529 | H16: =+'PLAN RECUPERACIÓN '!I159 -> 9600000 | I16: =+'PLAN RECUPERACIÓN '!I160 -> 6440000 | J16: =+'PLAN RECUPERACIÓN '!I161 -> 3790000 | K16: =+J16+I16+H16 -> 19830000 | L16: =+K16+L15 -> 3485968652
B17: 11 | C17: Salas de Estudios, 4 pabellones de 2 pisos cada uno. | D17: =+'PLAN RECUPERACIÓN '!I189 -> 325549420 | E17: =+D17/E4 -> 8187.3438 | F17: =+D17+F16 -> 9034134949 | H17: =+'PLAN RECUPERACIÓN '!I176 -> 26880000 | I17: =+'PLAN RECUPERACIÓN '!I177 -> 77000000 | J17: =+'PLAN RECUPERACIÓN '!I178 -> 159180000 | K17: =+J17+I17+H17 -> 263060000 | L17: =+K17+L16 -> 3749028652
B18: 12 | C18: Capilla. | D18: =+'PLAN RECUPERACIÓN '!I204 -> 112214540 | E18: =+D18/E4 -> 2822.1184 | F18: =+D18+F17 -> 9146349489 | H18: =+'PLAN RECUPERACIÓN '!I192 -> 32640000 | I18: =+'PLAN RECUPERACIÓN '!I193 -> 8960000 | J18: =+'PLAN RECUPERACIÓN '!I194 -> 56850000 | K18: =+J18+I18+H18 -> 98450000 | L18: =+K18+L17 -> 3847478652
B19: 13 | C19: Sala de caldera. | D19: =+'PLAN RECUPERACIÓN '!I218 -> 531074440 | E19: =+D19/E4 -> 13356.157 | F19: =+D19+F18 -> 9677423929 | H19: =+'PLAN RECUPERACIÓN '!I207+'PLAN RECUPERACIÓN '!I208 -> 10710000 | I19: =+'PLAN RECUPERACIÓN '!I209 -> 560000 | J19: =+'PLAN RECUPERACIÓN '!I210 -> 12507000 | K19: =+J19+I19+H19 -> 23777000 | L19: =+K19+L18 -> 3871255652
B20: 14 | C20: Casino de Oficiales. | D20: =+'PLAN RECUPERACIÓN '!I238 -> 243770040 | E20: =+D20/E4 -> 6130.6487 | F20: =+D20+F19 -> 9921193969 | H20: =+'PLAN RECUPERACIÓN '!I221+'PLAN RECUPERACIÓN '!I222 -> 27604000 | I20: =+'PLAN RECUPERACIÓN '!I223 -> 6160000 | J20: =+'PLAN RECUPERACIÓN '!I224 -> 125070000 | K20: =+J20+I20+H20 -> 158834000 | L20: =+K20+L19 -> 4030089652
B21: 15 | C21: Chutera. (Valor ventanal corresponde a nivelar piso) | D21: =+'PLAN RECUPERACIÓN '!I242 -> 7875000 | E21: =+D21/E4 -> 198.05083 | F21: =+D21+F20 -> 9929068969 | H21: =+'PLAN RECUPERACIÓN '!I239 -> 960000 | I21: =+'PLAN RECUPERACIÓN '!I240 -> 675000 | J21: =+'PLAN RECUPERACIÓN '!I241 -> 6240000 | K21: =+J21+I21+H21 -> 7875000 | L21: =+K21+L20 -> 4037964652
B22: 16 | C22: Estadio. | D22: =+'PLAN RECUPERACIÓN '!I249 -> 577130000 | E22: =+D22/E4 -> 14514.422 | F22: =+D22+F21 -> 10506198969
B23: 17 | C23: Palo Araucano. | D23: =+'PLAN RECUPERACIÓN '!I252 -> 5450000 | E23: =+D23/E4 -> 137.06375 | F23: =+D23+F22 -> 10511648969
B24: 18 | C24: Talleres y maestranzas. | D24: =+'PLAN RECUPERACIÓN '!I268 -> 291057660 | E24: =+D24/E4 -> 7319.8997 | F24: =+D24+F23 -> 10802706629 | H24: =+'PLAN RECUPERACIÓN '!I255 -> 59400000 | I24: =+'PLAN RECUPERACIÓN '!I256 -> 41160000 | J24: =+'PLAN RECUPERACIÓN '!I257 -> 140230000 | K24: =+J24+I24+H24 -> 240790000 | L24: =+K24+L21 -> 4278754652
B25: 19 | C25: Guardias de acceso. | D25: =+'PLAN RECUPERACIÓN '!I273 -> 18811600 | E25: =+D25/E4 -> 473.09879 | F25: =+D25+F24 -> 10821518229 | H25: =+'PLAN RECUPERACIÓN '!I269 -> 2688000 | I25: =+'PLAN RECUPERACIÓN '!I271 -> 2688000 | J25: =+'PLAN RECUPERACIÓN '!I272 -> 12128000 | K25: =+J25+I25+H25 -> 17504000 | L25: =+K25+L24 -> 4296258652
B26: 20 | C26: Casa de botes Curauma. | D26: =+'PLAN RECUPERACIÓN '!I290 -> 70323180 | E26: =+D26/E4 -> 1768.5796 | F26: =+D26+F25 -> 10891841409 | H26: =+'PLAN RECUPERACIÓN '!I276 -> 14400000 | I26: =+'PLAN RECUPERACIÓN '!I278 -> 8960000 | J26: =+'PLAN RECUPERACIÓN '!I279 -> 13265000 | K26: =+J26+I26+H26 -> 36625000 | L26: =+K26+L25 -> 4332883652
B27: 21 | C27: Quincho. | D27: =+'PLAN RECUPERACIÓN '!I302 -> 44995290 | E27: =+D27/E4 -> 1131.6006 | F27: =+D27+F26 -> 10936836699 | H27: =+'PLAN RECUPERACIÓN '!I293 -> 9552000 | I27: =+'PLAN RECUPERACIÓN '!I294 -> 3200000 | J27: =+'PLAN RECUPERACIÓN '!I295 -> 26530000 | K27: =+J27+I27+H27 -> 39282000 | L27: =+K27+L26 -> 4372165652
B28: 22 | C28: Instalaciones sanitarias de urbanización. | D28: =+'PLAN RECUPERACIÓN '!I309 -> 114750000 | E28: =+D28/E4 -> 2885.8835 | F28: =+D28+F27 -> 11051586699
B29: 23 | C29: Instalaciones eléctricas de urbanización. | D29: Por definir | E29: 0 | F29: 0
B30: 24 | C30: Instalaciones de gas. | D30: Por definir | E30: 0 | F30: 0
B31: 25 | C31: Generales. | D31: =+'PLAN RECUPERACIÓN '!I332 -> 368000000 | E31: =+D31/E4 -> 9254.9466 | F31: =+D31+F28 -> 11419586699
C32: VALOR TOTAL IVA INCLUIDO | D32: =SUM(D7:D31) -> 11419586699 | E32: =SUM(E7:E31) -> 287194.74 | H32: =SUM(H8:H31) -> 928321652 | I32: =SUM(I8:I31) -> 683411000 | J32: =SUM(J8:J31) -> 2760433000
B37: ITEM | C37: DESCRIPCIÓN | D37: VALOR $ | E37: VALOR UF
B38: 1 | C38: PLAN DE SOSTENIMIENTO ANUAL PROMEDIO A 10 AÑOS | D38: 591858697 | E38: 14925
B39: 2 | C39: PLAN DE RECUPERACIÓN DE LA INFRAESTRUCTURA VALOR TOTAL | D39: =+D32 -> 11419586699 | E39: =+E32 -> 287194.74
C42: =+B4 -> Valor UF 09-01-2026
C43: =+E4 -> 39762.52

Sheet TABLA DE COMPARACIÓN CD
B2: PROYECTO: RECUPERACIÓN COMPLEJO DEPORTIVO
B4: TABLA DE COMPARACIÓN DE ALTERNATIVAS
J5: DESCRIPCIÓN PROPUESTAS
B6: DESCRIPCIÓN | C6: SECTOR | D6: ESTRUCTURAS | E6: UNIDAD DE MEDIA | F6: CANTIDAD | G6: PRECIO UNITARIO | H6: VALOR ESTIMADO TOTAL | I6: VALOR ESTIMADO POR ESNAVAL CD | J6: IND (SERVICONS) | K6: ARTECO / BUTLER (FABRICANTE) | L6: COINVA | M6: PADILLA (ASMAR)
B7: PISCINAS | C7: TECHUMBRE | D7: CAMBIO COSTANERAS | E7: M2 | F7: 1922 | I7: SI | J7: SI | K7: SI | L7: SI | M7: NO
D8: CAMBIO CUBIERTA DE TECHO | E8: M2 | F8: 1922 | I8: SI | J8: SI | K8: SI | L8: SI | M8: NO
C9: MUROS | D9: CAMBIO DE COSTANERAS | E9: M2 | F9: =320+340 -> 660 | I9: SI | J9: SI | K9: SI | L9: SI | M9: NO
D10: CAMBIO DE REVESTIMIENTOS | E10: M2 | F10: =+F9 -> 660 | I10: SI | J10: SI | K10: SI | L10: SI | M10: NO
D11: CAMBIO DE VENTANALES | E11: M2 | F11: =330+215+54+50+106+3.2+43+18 -> 819.2 | G11: 379000 | H11: =+G11*F11 -> 310476800 | I11: SI | J11: PARCIAL | K11: PARCIAL 280 M2 | L11: PARCIAL | M11: NO
B12: GIMNASIO | C12: TECHUMBRE | D12: MANTENCIÓN DE COSTANERAS | E12: M2 | F12: =373+364+630 -> 1367 | H12: 932362560 | I12: SI | J12: NO | K12: SI | L12: SI | M12: SI
D13: CAMBIO CUBIERTA DE TECHO | E13: M2 | F13: =+F12 -> 1367 | I13: SI | J13: NO | K13: SI | L13: SI | M13: SI
C14: MUROS | D14: MANTENIMIENTO DE COSTANERAS | E14: M2 | F14: 3104 | I14: SI | J14: NO | K14: SI | L14: NO | M14: SI
D15: REVESTIMIENTO MUROS | E15: M2 | F15: 3104 | I15: SI | J15: NO | K15: SI | L15: NO | M15: SI
D16: CAMBIO DE VENTANALES | E16: M2 | F16: =3.8+3.8+10.8+6.3+4.2+3.2+15+11+16+0.7+64+11+13+4.2+0.6+4.2 -> 171.8 | G16: 379000 | H16: =+G16*F16 -> 65112200 | I16: SI | J16: NO | K16: NO | L16: NO | M16: NO
B17: NORMALIZACIÓN INSTALACIÓN ELÉCTRICA | C17: PISCINAS | D17: INSTALACIONES ELÉCTRICAS | E17: GL. | F17: 1 | G17: 171333344 | H17: =+G17*F17 -> 171333344 | I17: SI | J17: SI | K17: NO | L17: NO | M17: NO
D18: ILUMINACIÓN | I18: SI | J18: SI | K18: NO | L18: NO | M18: NO
D19: CLIMATIZACIÓN | I19: SI | J19: SI | K19: NO | L19: NO | M19: NO
C20: GIMNASIO | D20: INSTALACIONES ELÉCTRICAS | E20: GL. | F20: 1 | G20: =1367*23450 -> 32056150 | H20: =+G20*F20 -> 32056150 | I20: SI | J20: NO | K20: NO | L20: NO | M20: NO
D21: ILUMINACIÓN | I21: SI | J21: NO | K21: SI | L21: NO | M21: NO
B22: CLIMATIZACIÓN | C22: PISCINAS | D22: CLIMATIZACIÓN RECINTOS NIVEL 1 Y -1 | E22: GL. | F22: 1 | G22: 650602993 | H22: =+G22*F22 -> 650602993 | I22: SI | J22: PARCIAL | K22: NO | L22: NO | M22: NO
D23: CALEFACCIÓN AGUAS | I23: SI | J23: PARCIAL | K23: NO | L23: NO | M23: NO
D24: SALA DE CALDERAS | E24: GL. | F24: 1 | G24: 35000000 | H24: =+F24*G24 -> 35000000 | I24: SI | J24: PARCIAL | K24: NO | L24: NO | M24: NO
B25: ACCESIBILIDAD UNIVERSAL | C25: PISCINA OLÍMPICA | D25: VIAS DE CIRCULACIÓN | E25: M2 | F25: 1 | I25: SI | J25: SI | K25: NO | L25: NO | M25: NO
D26: BAÑOS VISITAS | E26: M2 | I26: SI | J26: SI | K26: NO | L26: NO | M26: NO
D27: 2 CAMARINES DE 7 | E27: M2 | I27: SI | J27: SI | K27: NO | L27: NO | M27: NO
B28: PISCINAS | C28: VARIOS | D28: EQUIPAMIENTO | E28: M2 | F28: 1 | G28: 920993 | H28: =+G28*F28 -> 920993 | I28: SI | J28: SI | K28: NO | L28: NO | M28: NO
D29: EQUIPOS | E29: M2 | F29: 1 | G29: 124189402 | H29: =+G29*F29 -> 124189402 | I29: SI | J29: SI | K29: NO | L29: NO | M29: NO
D30: CIRCUITO DE RECIRCULACIÓN | E30: M2 | F30: 1 | I30: SI | J30: SI | K30: NO | L30: NO | M30: NO
D31: SISTEMA DE BOMBAS Y FILTROS | E31: GL. | F31: 1 | I31: SI | J31: SI | K31: NO | L31: SI | M31: SI
D32: MANTENIMIENTO VASOS PISCINAS | E32: GL. | F32: 1 | I32: SI | J32: SI | K32: NO | L32: SOLO LIMPIEZA, NO CONSIDERA REPARACIÓN, PINTADO Y DEMARCACIONES. | M32: NO
H33: VALORES ESTIMADOS IVA INCLUIDO | I33: =+J33+M33 -> 3183030317 | J33: =2119557362+H28+H29 -> 2244667757 | K33: 3352029075 | L33: 2237065353 | M33: 938362560
J34: =+J33+H24+H22+H17+H11 -> 3412080894
H35: PLAZOS EN MESES | I35: 6 MESES | J35: 6 MESES | K35: 7 MESES | L35: 4 MESES | M35: 4 MESES
K36: 3,5 MESES SON POR IMPORTACIÓN
